 Dungeon Crawl Stone Soup version 0.31-a0-1111-ga3525b893c (webtiles) character file.

Game seed: 4617351477074481389

2410502 MackTheKnife the Peltast (level 26, 233/233 HPs)
             Began as a Demonspawn Cinder Acolyte on Dec 2, 2023.
             Was the Champion of Jiyva.
             Escaped with the Orb
             ... and 4 runes on Dec 3, 2023!
             The game lasted 02:17:27 (65971 turns).

MackTheKnife the Peltast (DsCA)                    Turns: 65971, Time: 02:17:28

Health: 233/233    AC: 26    Str: 31      XL:     26   Next: 83%
Magic:  30/30      EV: 22    Int: 25 (26) God:    Jiyva [******]
Gold:   3014       SH: 26    Dex: 23      Spells: 16/35 levels left

rFire   + + .        Y - +9 demon trident (freeze) {polearm}
rCold   . . .        a - +2 tower shield {rF+}
rNeg    . . .        y - +4 storm dragon scales {rare}
rPois   +            V - +0 hat of Ru, Disbelieving {Regen+}
rElec   +            c - +2 cloak {Will+}
rCorr   +            T - +3 pair of gauntlets of War {Slay+5}
SInv    +            (boots unavailable)
Will    +++..        B - amulet "Lubapnall" {RegenMP Int+2 Dex+5 SInv}
Stlth   +            J - ring "Conur" {rF+ Str+6 Int+2 Dex+3 Stlth+}
HPRegen 2.98/turn    p - ring of Nakkadom {rPois Will+ Str-2 Int+6 Dex+2}
MPRegen 1.12/turn

%: no passive effects
@: studying Ranged Weapons
A: hooves 3, rugged brown scales 3, demonic guardian 3, ignite blood 3, black
mark, bedeviling, aura of silence, clever 1, deformed body, inhibited
regeneration, strong 2, wild magic 1, inability to read after injury 1,
MP-powered wands
0: Orb of Zot
}: 4/15 runes: decaying, serpentine, slimy, silver
a: Renounce Religion, Oozemancy, Slimify


You escaped.
You worshipped Jiyva.
Jiyva was exalted by your worship.
You visited 11 branches of the dungeon, and saw 55 of its levels.
You visited the Abyss 1 time.
You also visited: Sewer, Bailey, Ice Cave and Desolation.

You collected 7057 gold pieces.
You spent 4043 gold pieces at shops.


Innate Abilities, Weirdness & Mutations

You have hooves in place of feet.
You are completely covered in rugged brown scales. (AC +3, +7% HP)
A powerful demonic guardian rushes to your aid.
Your demonic aura causes all spilled blood to erupt in flames.
Your melee attacks may debilitate your foes.
Your hexes are more powerful.
You are surrounded by an aura of silence.
Your mind is acute. (Int +4, Str/Dex -1)
Armour fits poorly on your strangely shaped body.
You do not regenerate when monsters are visible.
Your muscles are very strong. (Str +8, Int/Dex -2)
Your spells are a little harder to cast, but a little more powerful.
You occasionally lose the ability to read scrolls when taking damage.
You expend magic power (3 MP) to strengthen your wands.


   Skills:
 - Level 20.0 Fighting
 - Level 2.6(8.8) Maces & Flails
 - Level 18.5(20.0) Polearms
 - Level 13.0(17.4) Staves
 - Level 14.0 Armour
 + Level 18.3 Dodging
 - Level 5.2 Stealth
 - Level 20.1 Shields
 - Level 5.0 Spellcasting
 - Level 12.8 Summonings
 - Level 12.0 Translocations
 - Level 8.0 Transmutations
 - Level 2.6 Fire Magic
 - Level 4.0 Evocations


You had 16 spell levels left.
You knew the following spells:

 Your Spells              Type           Power      Damage    Failure   Level
a - Scorch                Fire           50%        2d7       28%         2
b - Call Canine Familiar  Summ           75%        N/A       1%          3
c - Summon Guardian Gole  Hex/Summ       65%        N/A       13%         3
d - Wereblood             Tmut           56%        N/A       4%          2
e - Summon Forest         Summ/Tloc      36%        N/A       11%         5
f - Manifold Assault      Tloc           72%        N/A       4%          4

Your spell library contained the following spells:

 Spells                   Type           Power      Damage    Failure   Level
 Apportation              Tloc           100%       N/A       1%          1
 Summon Small Mammal      Summ           100%       N/A       1%          1
 Blink                    Tloc           100%       N/A       1%          2
 Lesser Beckoning         Tloc           100%       N/A       1%          2
 Gell's Gravitas          Tloc           72%        N/A       1%          3
 Momentum Strike          Conj/Tloc      94%        3d10      8%          2
 Volatile Blastmotes      Fire/Tloc      100%       2d18      10%         3
 Sting                    Tmut/Pois      100%       1d8       12%         1
 Foxfire                  Conj/Fire      64%        2x1d7     30%         1
 Ignite Poison            Fire/Tmut/Pois 31%        N/A       36%         3
 Iskenderun's Mystic Bla  Conj/Tloc      47%        2d10      41%         4
 Vhi's Electric Charge    Tloc/Air       94%        N/A       41%         4
 Summon Cactus Giant      Summ           37%        N/A       41%         6
 Freeze                   Ice            32%        1d5       45%         1
 Kiss of Death            Conj/Necr      32%        2d7       45%         1
 Magic Dart               Conj           32%        1d4       45%         1
 Necrotise                Necr           32%        1d5       45%         1
 Shock                    Conj/Air       32%        1d5       45%         1
 Dispersal                Tloc           36%        N/A       50%         6
 Cigotuvi's Dreadful Rot  Necr/Pois/Air  16%        N/A       61%         2
 Ensorcelled Hibernation  Hex/Ice        24%        N/A       61%         2
 Jinxbite                 Hex            24%        N/A       61%         2
 Poisonous Vapours        Pois/Air       16%        N/A       61%         2
 Searing Ray              Conj           16%        2d5       61%         2
 Sublimation of Blood     Necr           8%         N/A       61%         2
 Inner Flame              Hex/Fire       25%        N/A       65%         3
 Summon Mana Viper        Hex/Summ       65%        N/A       71%         5
 Dazzling Flash           Conj/Hex       24%        N/A       82%         3
 Frozen Ramparts          Ice            16%        1d3       82%         3
 Hailstorm                Conj/Ice       8%         3d4       82%         3
 Mephitic Cloud           Conj/Pois/Air  8%         N/A       82%         3
 Ozocubu's Armour         Ice            8%         N/A       82%         3
 Stone Arrow              Conj/Erth      16%        3d8       82%         3
 Swiftness                Air            8%         N/A       82%         3
 Vampiric Draining        Necr           8%         2d6       82%         3
 Summon Hydra             Summ           37%        N/A       91%         7
 Flame Wave               Conj/Fire      16%        2d7       95%         4
 Sticky Flame             Conj/Fire      16%        2d4       95%         4
 Alistair's Intoxication  Tmut/Pois      22%        N/A       95%         5
 Irradiate                Conj/Tmut      17%        3d17      95%         5
 Yara's Violent Unravell  Hex/Tmut       25%        3d11      95%         5
 Airstrike                Air            4%         2d(1-17)  99%         4
 Anguish                  Hex/Necr       6%         N/A       99%         4
 Animate Dead             Necr           8%         N/A       99%         4
 Brom's Barrelling Bould  Conj/Erth      8%         2d3       99%         4
 Cause Fear               Hex            6%         N/A       99%         4
 Fulminant Prism          Conj/Hex       6%         3d6       99%         4
 Olgreb's Toxic Radiance  Pois           8%         N/A       99%         4
 Agony                    Necr           8%         N/A       100%        5
 Arcjolt                  Conj/Air       4%         1d14      100%        5
 Fireball                 Conj/Fire      8%         3d6       100%        5
 Freezing Cloud           Conj/Ice/Air   4%         6-21      100%        5
 Iskenderun's Battlesphe  Conj           8%         2d6       100%        5
 Metabolic Englaciation   Hex/Ice        6%         N/A       100%        5
 Silence                  Hex/Air        6%         N/A       100%        5
 Bombard                  Conj/Erth      4%         9d2       100%        6
 Conjure Ball Lightning   Conj/Air       4%         3x3d6     100%        6
 Eringya's Noxious Bog    Tmut/Pois      17%        4d6       100%        6
 Plasma Beam              Fire/Air       8%         2x1d18    100%        6
 Simulacrum               Ice/Necr       4%         N/A       100%        6
 Starburst                Conj/Fire      8%         6d4       100%        6
 Enfeeble                 Hex            6%         N/A       100%        7
 Haunt                    Necr/Summ      24%        N/A       100%        7
 Orb of Destruction       Conj           4%         9d5       100%        7
 Ozocubu's Refrigeration  Ice            4%         4d8       100%        7
 Spellforged Servitor     Conj/Summ      24%        N/A       100%        7
 Borgnjor's Revivificati  Necr           4%         N/A       100%        8
 Discord                  Hex            6%         N/A       100%        8
 Disjunction              Tloc           36%        N/A       100%        8
 Ignition                 Fire           12%        3d6       100%        8
 Infestation              Necr           4%         N/A       100%        8
 Death's Door             Necr           4%         N/A       100%        9

Inventory:

Hand Weapons
 Q - the +12 glaive of Prune {freeze, Prune, polearm}
   (You found it on level 15 of the Dungeon)

   Prune:     It halves damage taken while paralysed, petrified or unconscious.
 Y - a +9 demon trident of freezing (weapon) {polearm}
   (You took it off a hell knight on level 5 of the Vaults)
Armour
 a - a +2 tower shield of fire resistance (worn)
   (You took it off a naga warrior on level 4 of the Snake Pit)
 c - a +2 cloak of willpower (worn)
   (You took it off a draconian annihilator on level 1 of the Realm of Zot)
 j - a +2 helmet
   (You found it on level 2 of the Dungeon)
 y - +4 storm dragon scales (worn) {rare}
   (You found it on level 3 of the Depths)
 T - the +3 pair of gauntlets of War (worn) {Slay+5}
   (You found it on level 2 of the Snake Pit)

   Slay+5:    It affects your accuracy & damage with ranged weapons and melee
   (+5).
 U - the +0 pair of gloves of Fashionability {rElec Will+ Int-5}
   (You found it on level 3 of the Snake Pit)

   Int-5:     It affects your intelligence (-5).
   rElec:     It insulates you from electricity.
   Will+:     It increases your willpower.
 V - the +0 hat of Ru, Disbelieving (worn) {Regen+}
   (You found it in an ice cave)

   Regen+:    It increases your rate of health regeneration.
Jewellery
 h - a ring of see invisible
   (You found it on level 5 of the Dungeon)
 i - the ring of the Lost Bounties {rPois rC+ MP+9 Str+6}
   (You found it on level 3 of the Elven Halls)

   [ring of strength]

   Str+6:     It affects your strength (+6).
   rC+:       It protects you from cold.
   rPois:     It protects you from poison MP+9: It affects your magic capacity
   (+9).
 p - the ring of Nakkadom (right hand) {rPois Will+ Str-2 Int+6 Dex+2}
   (You took it off a deep elf blademaster on level 3 of the Elven Halls)

   [ring of intelligence]

   Str-2:     It affects your strength (-2).
   Int+6:     It affects your intelligence (+6).
   Dex+2:     It affects your dexterity (+2).
   rPois:     It protects you from poison Will+: It increases your willpower.
 t - the ring "Razuic" {rC+ EV+5 Int+3}
   (You found it on level 14 of the Dungeon)

   [ring of evasion]

   EV+5:      It affects your evasion (+5).
   Int+3:     It affects your intelligence (+3).
   rC+:       It protects you from cold.
 x - the ring "Zysil" {rN+++ Int+6 Dex-4}
   (You took it off a deep elf demonologist on level 5 of the Vaults)

   [ring of intelligence]

   Int+6:     It affects your intelligence (+6).
   Dex-4:     It affects your dexterity (-4).
   rN+++:     It renders you almost immune to negative energy.
 B - the amulet "Lubapnall" (around neck) {RegenMP Int+2 Dex+5 SInv}
   (You bought it in a shop on level 14 of the Dungeon)

   [amulet of magic regeneration]

   RegenMP:   It increases your rate of magic regeneration.
   Int+2:     It affects your intelligence (+2).
   Dex+5:     It affects your dexterity (+5).
   SInv:      It lets you see invisible.
 E - a ring of protection from fire
   (You found it on level 14 of the Dungeon)
 G - the ring of Rawneula {rElec rPois MP+9 Str+3}
   (You took it off an orc on level 5 of the Vaults)

   [ring of poison resistance]

   Str+3:     It affects your strength (+3).
   rElec:     It insulates you from electricity.
   rPois:     It protects you from poison MP+9: It affects your magic capacity
   (+9).
 J - the ring "Conur" (left hand) {rF+ Str+6 Int+2 Dex+3 Stlth+}
   (You found it on level 3 of the Elven Halls)

   [ring of strength]

   Str+6:     It affects your strength (+6).
   Int+2:     It affects your intelligence (+2).
   Dex+3:     It affects your dexterity (+3).
   rF+:       It protects you from fire.
   Stlth+:    It makes you more stealthy.
 M - a ring of fire
   (You took it off a vault warden on level 5 of the Vaults)
 S - the ring "Goinkehurr" {Fly Int+4}
   (You found it on level 3 of the Depths)

   [ring of flight]

   Int+4:     It affects your intelligence (+4).
   Fly:       It grants you flight.
Wands
 s - a wand of roots (24)
   (You found it on level 3 of the Elven Halls)
 w - a wand of flame (60)
   (You found it on level 6 of the Dungeon)
 A - a wand of acid (33)
   (You found it on level 2 of the Vaults)
 H - a wand of digging (9)
   (You found it on level 8 of the Dungeon)
Scrolls
 d - a scroll of immolation {!r!r}
 k - a scroll of revelation
 l - 2 scrolls of fog
 m - 3 scrolls of enchant weapon
 n - 2 scrolls of vulnerability {!r!r}
 r - 18 scrolls of teleportation {@r4}
 z - 10 scrolls of amnesia
 K - 2 scrolls of blinking {!r}
 P - 2 scrolls of poison {!r}
 X - 2 scrolls of fear
Potions
 b - 21 potions of curing {@q1}
 e - 4 potions of resistance
 f - 5 potions of haste {@q3}
 o - 7 potions of brilliance
 q - 2 potions of invisibility
 u - 2 potions of attraction {!q}
 v - 10 potions of heal wounds {@q2}
 C - 5 potions of lignification {!q}
 D - a potion of cancellation
 L - 2 potions of magic
 N - 4 potions of enlightenment
 O - a potion of might
Miscellaneous
 g - a lightning rod (4/4)
   (You found it on level 3 of the Lair of Beasts)
 I - a condenser vane
   (You found it on level 4 of the Vaults)
 R - a phantom mirror
   (You found it in the Desolation of Salt)
 W - a phial of floods
   (You found it in an ice cave)
 Z - a box of beasts
   (You found it in the Desolation of Salt)

Dungeon Overview and Level Annotations

Branches:
Dungeon (15/15)            Temple (0/1) D:7            Lair (5/5) D:11
  Swamp (4/4) Lair:3        Snake (4/4) Lair:2        Slime (5/5) Lair:5
    Orc (2/2) D:11            Elf (3/3) Orc:2        Vaults (5/5) D:13
  Crypt (3/3) Vaults:2       Tomb (0/3) Crypt:3      Depths (4/4) D:15
    Zot (5/5) Depths:4      Sewer (visited)          Bailey (visited)
  IceCv (visited)         Desolation (visited)

Altars:
Cheibriados
Dithmenos
Gozag
Hepliaklqana
Kikubaaqudgha
Trog
Uskayaw
Yredelemnul
Jiyva

Shops:
D:3 :   D:5 (   D:6 ::*:   D:8 *   D:11 [   D:14 =*(?*   Orc:2 [*(:
Elf:1 !::=   Elf:3 :   Snake:2 ?*   Vaults:5 (

Portals:
Hell: Depths:1 Depths:2 Depths:3 Depths:4
Abyss: Depths:3
Pandemonium: Depths:2
Ziggurat: Depths:3

Annotations:
D:3 4 exclusions
Snake:2 3 runed translucent doors, Dirtsage's ghost, adept MiFi
Slime:5 Royal Jelly
Elf:2 4 runed translucent doors, Ge0ff's ghost, adept DsAr; Roxanne
Vaults:1 1 runed translucent door, Fieg's ghost, veteran HuWn
Vaults:2 2 transporters, Wiath's ghost, adept DrBr
Depths:1 1 runed translucent door, KimchiStew's ghost, veteran OpFi
Zot:2 3 runed translucent doors, Toelubet's ghost, veteran CeHu
Zot:3 1 runed translucent door, Cyqimiab's ghost, legendary MfGl

..................# ##....#..###
####.#....######### #...........
#.......# #.#......###
######.....# #.#.#.#...#
...........# #.#.#.#.#.#
######.....# #########.#.#.#.#.##
#.....# #.........#.#.#.#..#
#.....###.#...........#.##..
#.....##...@...#....#.#.###.
#####.#.........#.#.#.#.###.
#...#######...#.#.......
#...#.....#...#.###.####
#...#.≈≈≈.#...#.# #.#%..
#...#.≈≈≈.#...#.# #.#.##
#...#.≈≈X.#...#.###.....
#...#.....#...#.....#.##
##########...#######...#.........


You could see a neutral kraken (wandering).


Message History

You reach to attack!
You barely miss the rust devil. You puncture the rust devil!
You freeze the rust devil.
You kick the rust devil, but do no damage.
The rust devil completely misses you.
You completely miss the rust devil. You kick the rust devil!
You impale the rust devil!! You freeze the rust devil.
You kill the rust devil!
No target in view!
An Orb Guardian comes into view.
Unknown command.
The Orb Guardian moves out of view.
Unknown command.
You reach to attack!
You hit the Orb Guardian. You freeze the Orb Guardian.
The Orb Guardian looks weaker.
You impale the Orb Guardian!! You freeze the Orb Guardian.
You kick the Orb Guardian!
The Orb Guardian hits you but does no damage.
You closely miss the Orb Guardian. You block the Orb Guardian's attack.
You closely miss the Orb Guardian. You kick the Orb Guardian!
You block the Orb Guardian's attack.
You impale the Orb Guardian!! You freeze the Orb Guardian!
Your kick misses the Orb Guardian. You puncture the Orb Guardian!
You freeze the Orb Guardian.
You kill the Orb Guardian!
You feel your intelligence returning.
No target in view!
You hear a splatter.
There is a stone staircase leading up here.
You climb upwards.
There is a stone staircase leading down here.
A reaper comes into view.
It is wielding a +4 scythe of protection.
An Orb Guardian comes into view.
There is a stone staircase leading up here.
Unknown command.
You climb upwards.
There is a stone staircase leading down here.
Unknown command.
There is a stone staircase leading up here.
You climb upwards.
A shadow demon comes into view.
There is a stone staircase leading down here.
You feel yourself speed up.
You reach to attack!
You skewer the shadow demon like a kebab!!!
You freeze the shadow demon.
You reach to attack!
You impale the shadow demon!!
You kill the shadow demon!
No target in view!
No target in view!
There is a stone staircase leading up here.
You climb upwards.
Level annotation: 4 exclusions
There is a stone staircase leading down here.
An Orb Guardian comes into view.
You reach to attack!
You hit the Orb Guardian. You freeze the Orb Guardian.
You reach to attack!
You impale the Orb Guardian!! You freeze the Orb Guardian.
You miss the Orb Guardian. You kick the Orb Guardian.
You impale the Orb Guardian!! You freeze the Orb Guardian.
You kick the Orb Guardian, but do no damage.
You block the Orb Guardian's attack.
You puncture the Orb Guardian! You freeze the Orb Guardian.
You kill the Orb Guardian!
No target in view!
No target in view!
No target in view!
There is a stone staircase leading up here.
You climb upwards.
There is a stone staircase leading down here.
Your extra speed is starting to run out.
You feel yourself slow down.
There is a stone staircase leading up here.
You climb upwards.
There is a stone staircase leading down here.
Unknown command.
Unknown command. 3 hell hounds come into view.
You reach to attack!
You puncture the hell hound! You freeze the hell hound.
The hell hound looks weaker.
You reach to attack!
You closely miss the hell hound.
You reach to attack!
You hit the hell hound. You freeze the hell hound.
You kill the hell hound!
You reach to attack!
You barely miss the hell hound. You impale the hell hound!!
You freeze the hell hound.
You kill the hell hound!
You block the hell hound's attack.
You puncture the hell hound! You freeze the hell hound!
You block the hell hound's attack.
You impale the hell hound!! You freeze the hell hound.
You kill the hell hound!
No target in view!
No target in view!
No target in view!
No target in view!
No target in view!
No target in view!
No target in view!
Okay, then.
You see here a hell hound corpse.
There is a staircase leading out of the dungeon here.
You have escaped!

Skill      XL: |  1  2  3  4  5  6  7  8  9 10 11 12 13 14 15 16 17 18 19 20 21 22 23 24 25 26 |
---------------+-------------------------------------------------------------------------------+-----
Stealth        | 1 2 5 |  5.2
Staves         | 1 2 3 5 6 8 10 11 12 13 | 13.0
Fighting       | 5 7 9 11 12 13 14 16 17 19 20 | 20.0
Evocations     | 1 4 |  4.0
Armour         | 1 4 5 6 8 9 14 | 14.0
Dodging        | 1 4 5 8 9 12 13 15 16 18 | 18.3
Polearms       | 7 10 11 13 16 18 | 18.5
Shields        | 5 6 11 17 20 | 20.1
Summonings     | 2 6 7 11 12 | 12.8
Spellcasting   | 2 3 4 5 |  5.0
Transmutations | 4 8 |  8.0
Translocations | 3 9 11 12 | 12.0
Maces & Flails | |  2.6
Fire Magic     | |  2.6

Action                     |  1- 3 |  4- 6 |  7- 9 | 10-12 | 13-15 | 16-18 | 19-21 | 22-24 | 25-27 || total
---------------------------+-------+-------+-------+-------+-------+-------+-------+-------+-------++-------
  Melee: Mace              |    14 |       |       |       |       |       |       |       |       ||    14
         Quarterstaff      |    31 |    65 |   203 |   567 |    11 |       |       |       |       ||   877
         Kick              |     6 |     8 |    20 |   151 |   718 |   260 |   266 |   483 |   450 ||  2362
         Trident           |       |       |       |       |  2075 |   409 |       |       |       ||  2484
         Pseudopods        |       |       |       |       |    10 |   173 |   112 |   286 |   183 ||   764
         Bite              |       |       |       |       |     8 |    78 |    39 |       |       ||   125
         Headbutt          |       |       |       |       |       |   134 |   107 |   327 |   230 ||   798
         Glaive            |       |       |       |       |       |   584 |   800 |  1614 |   339 ||  3337
         Demon trident     |       |       |       |       |       |       |       |       |   707 ||   707
  Throw: Boomerang         |     2 |       |       |     5 |       |       |       |       |       ||     7
         Dart              |       |       |       |    23 |    12 |       |       |       |       ||    35
   Cast: Scorch            |     5 |    38 |    58 |    23 |       |       |       |       |       ||   124
         Wereblood         |       |       |       |       |     3 |    22 |    19 |    14 |     7 ||    65
         Call Canine Famil |       |       |       |       |     2 |     6 |       |       |       ||     8
         Summon Guardian G |       |       |       |       |     2 |     5 |       |       |       ||     7
         Summon Forest     |       |       |       |       |       |       |     1 |     2 |     1 ||     4
         Manifold Assault  |       |       |       |       |       |       |     7 |   284 |    45 ||   336
 Invoke: Foxfire Swarm     |       |       |     2 |       |       |       |       |       |       ||     2
         Fiery Armour      |       |       |     1 |     1 |     2 |       |       |       |       ||     4
         Oozemancy         |       |       |       |       |       |       |     3 |     2 |     3 ||     8
  Evoke: Wand              |       |       |     5 |    36 |     6 |     8 |     4 |       |     2 ||    61
         Lightning rod     |       |       |       |       |     9 |     8 |       |       |       ||    17
         Phial of floods   |       |       |       |       |       |     1 |       |       |     1 ||     2
         Condenser vane    |       |       |       |       |       |       |       |     1 |       ||     1
         Box of beasts     |       |       |       |       |       |       |       |       |     1 ||     1
         Phantom mirror    |       |       |       |       |       |       |       |       |     1 ||     1
    Use: Scroll            |       |     5 |     8 |    11 |     9 |     5 |     4 |    14 |    11 ||    67
         Potion            |       |       |     2 |     2 |     5 |     8 |     3 |     4 |    10 ||    34
   Stab: Sleeping          |     1 |     2 |     1 |       |    10 |    13 |     9 |     3 |     5 ||    44
         Petrified         |       |       |       |       |     7 |       |       |       |       ||     7
         Distracted        |       |       |       |       |     4 |     7 |     3 |     8 |     7 ||    29
         Invisible         |       |       |       |       |     9 |       |       |       |       ||     9
 Armour: Robe              |    25 |       |       |       |       |       |       |       |       ||    25
         Leather armour    |       |    36 |   175 |    13 |   620 |   254 |       |   168 |       ||  1266
         Scale mail        |       |       |       |   374 |     9 |       |       |       |       ||   383
         Swamp dragon scal |       |       |       |       |       |   124 |   226 |    43 |       ||   393
         Storm dragon scal |       |       |       |       |       |       |       |   283 |   391 ||   674
  Dodge: Dodged            |    20 |    29 |   135 |   460 |  1058 |   541 |   435 |   653 |   262 ||  3593
  Block: Buckler           |       |       |       |       |   490 |   102 |       |       |       ||   592
         Tower shield      |       |       |       |       |       |       |       |       |   427 ||   427

Levels and vault maps discovered:
D:1:      nicolae_arrival_kraken_aquarium_a, layout_basic,
          ebering_ecumenical_altar_webs
D:2:      layout_basic, uniq_terence
D:3:      layout_basic, mainiacjoe_overflow_catwalk,
          mainiacjoe_overflow_brackets, serial_shops,
          nicolae_shop_advertising_works [nicolae_subvault_shop_adworks],
          nicolae_figureground_sparkle
D:4:      minmay_razor_zed, layout_rooms,
          nicolae_dithmenos_through_a_glass_darkly, serial_corexii_hall,
          corexii_hall_statues_l, corexii_hall_statues_deadend,
          chequers_hall_statues_wall_a, corexii_hall_statues_x,
          chequers_hall_statues_wall_a, corexii_hall_statues_t
D:5:      cheibrodos_thug_alley, layout_rooms, serial_co_window_serial,
          co_window_corner_a, co_window_corner_a, co_window_corner_a,
          co_window_of_opportunity_a, co_window_corner_a, co_window_broadway_c,
          co_window_of_opportunity_b, co_window_paths_c, co_window_corner_b,
          co_window_unsneaky_path_a, co_window_paths_c, co_window_paths_c,
          co_window_4corner_b, co_window_4corner_a, serial_shops,
          nicolae_shop_pleasant_corner_grove, dreamdust_wishing_well,
          uniq_grinder
D:6:      layout_basic, serial_shops, shop, shop, shop,
          nicolae_shop_hallway_stairs, gup_sewer_entry_spiral, uniq_sigmund
D:7:      regret_index_malice_mire, layout_basic,
          minmay_temple_entry_drinking_statues, uniq_pikel
D:8:      black_bear_nest_2, layout_basic, enter_bailey_3,
          nicolae_shop_clearance
D:9:      layout_roguey, mainiacjoe_overflow_small_starburst,
          amcnicky_mini_rare_corridor_liquid, grunt_ministairs_9, uniq_maurice
D:10:     layout_cave_pools, kennysheep_generic_room_3
D:11:     layout_loops_cross, hellmonk_lair_entry_icy, hiddenorc2_lemuel,
          serial_shops, shop, uniq_sonja
D:12:     layout_irregular_city, hangedman_abyss_or_decor_clamps,
          elyvilon_altar_5, uniq_psyche
D:13:     cheibrodos_elevator_heist, layout_loops_ring,
          grunt_vaults_entry_fortified, lightli_fourway_metalbox
D:14:     minmay_connected_triangles_in_corner, layout_rooms,
          hangedman_decor_riveting, serial_glass, glass_columns_c,
          glass_columns_b, glass_columns_a, glass_columns_a, glass_columns_a,
          glass_columns_c, serial_shops, shop, nicolae_shop_overgrown_old_shop,
          nicolae_shop_tiny_glass, shop, nicolae_diamond_shop
D:15:     grunt_enter_depths_magical_seal, layout_gridville,
          minmay_guarded_unrand_prune
Lair:1:   layout_concentric_octagons, serial_bayou, serial_bayou_lagoon_a,
          serial_bayou_lagoon_b, serial_bayou_pond_d, serial_bayou_pond_a,
          serial_bayou_shore_a, serial_bayou_shore_b, uniq_jeremiah
Lair:2:   layout_misc_corridors, minmay_snake_entry_six_corridors,
          lemuel_fruit_fields
Lair:3:   layout_gridlike, alex1729_swamp_entry_worm_eleionoma,
          grunt_megastairs_4
Lair:4:   layout_roguey, lemuel_fruit_tree, grunt_megastairs_2
Lair:5:   guppyfry_lair_end_dragon, layout_cave_pods,
          hangedman_lair_caniforms_friends, slime_entry_1, grunt_megastairs_3
Swamp:1:  layout_basic_swamp, hangedman_swamp_cone, nicolae_swamp_long_stream
Swamp:2:  layout_basic_swamp, evilmike_swamp_ruin_house_4
Swamp:3:  layout_basic_swamp, evilmike_swamp_ruin_wall
Swamp:4:  swamp_basic_johnstein, layout_basic_swamp, swamp_pool_4
Snake:1:  layout_chambers, drop_trap, nicolae_triple_integral
Snake:2:  layout_gridlike, ebering_ghost_rock_garden, minmay_shoptagon,
          uniq_donald
Snake:3:  layout_onion_interference, nicolae_snake_bzzzt, grunt_megastairs_5
Snake:4:  snake_pit_salamanders_mu, layout_cave_town,
          portal_ice_cave_entry_ice_statue_one
Slime:1:  layout_caves
Slime:2:  cheibrodos_slime_lost_civilization_10, layout_caves
Slime:3:  layout_caves, nicolae_slime_getting_an_eyeful
Slime:4:  layout_caves
Slime:5:  slime_pit_nicolae_jellycorners
Orc:1:    orc_temple, layout_diamond_mine
Orc:2:    grunt_orc_gardens, layout_diamond_mine, grunt_orc_garden,
          grunt_orc_garden, grunt_orc_garden, grunt_orc_garden
Elf:1:    eino_elf_arrival_the_gate, layout_rooms, serial_shops,
          nicolae_shop_back_alley_shop, gammafunk_ghost_arena,
          hangedman_elf_disciples, minmay_shop_grove
Elf:2:    elven_hall_of_blades_hangedman_original
          [nicolae_blade_entry_hurt_lockers], layout_gridlike,
          ebering_ghost_reflecting_pool, lemuel_upstairs_altar, uniq_roxanne
Elf:3:    minmay_elf_hall, layout_geoelf_grid, serial_shops, shop,
          guppyfry_elf_castle
Vaults:1: ebering_ghost_reflecting_pool, vaults_room_grunt_arrival_ludios,
          nicolae_vaults_wine_cellar, vaults_room_stairs_pillars,
          nicolae_vaults_wrenched, nicolae_vaults_mini_display_case,
          vaults_mumra_minichess_inversion, nicolae_vaults_asterisk,
          layout_vaults_quadrants
Vaults:2: gammafunk_ghost_wrathful_warriors, v_misc_14,
          nicolae_vaults_shelves_hall, grunt_vaults_hallway_short,
          blue_anna_dwarven_crypt, hangedman_vaults_stitches,
          kennysheep_ogre_elephant_herders, nicolae_vaults_stairing_the_circle,
          nicolae_vaults_closet_pinwheel_2, ontoclasm_vaults_fault,
          nicolae_vaults_trapezoid_layered, nicolae_vaults_more_shelving_1,
          v_pattern_3, layout_vaults_omnibox
Vaults:3: portal_desolation_entry_ruin, v_misc_15, vaults_mumra_hexcomb,
          minmay_guarded_unrand_guard_vaults, nicolae_vaults_closet_pinwheel_3,
          nicolae_vaults_trapezoid_lopsided_1, vaults_room_pool,
          nicolae_vaults_little_ls, nicolae_vaults_double_plus_1,
          nicolae_vaults_trapezoid_layered, ontoclasm_vaults_loading_screen,
          grunt_vaults_hallway_long, nicolae_vaults_trapezoid_3,
          hangedman_vaults_corner_blocks, nicolae_vaults_shelves_hall,
          nicolae_vaults_heist, layout_vaults_ring
Vaults:4: nicolae_vaults_security_offices_6, nicolae_vaults_oval_intersection,
          nicolae_vaults_triangles, nicolae_vaults_trapezoid_lopsided_1,
          v_misc_15, nicolae_vaults_house_1, v_misc_26, nicolae_vaults_house_1,
          layout_vaults_big_room
Vaults:5
Crypt:1:  layout_regular_city, grunt_crypt_arrival_split
Crypt:2:  layout_rooms, st_stairs_9, uniq_mennas
Crypt:3:  david_glass_crypt, layout_misc_corridors, tomb_entry_forgotten_bobbens
Depths:1: layout_gridlike, ebering_ghost_reflecting_pool, old_standard_altar,
          serial_bayou, serial_bayou_pond_e, serial_bayou_crossing,
          serial_bayou_pond_e, serial_bayou_ford_a, grunt_hell_entry_dis_grunt,
          minivault_10, grunt_ministairs_2, serial_sigils_hangedman_confine,
          minmay_pinched_square
Depths:2: lemuel_vampire_tower, layout_basic, nicolae_two_hexagons, pan_entry,
          hell_entry, infiniplex_staircase_zigzag_4, firewood_loft
Depths:3: minmay_dotted_concentric_squares, layout_cave_pools, enter_ziggurat_c,
          hangedman_decor_opposing, nicolae_abyss_entry_one_way_or_another,
          lightli_too_deep, infiniplex_staircase_river
Depths:4: evilmike_zot_entry_hall, layout_gridville, hell_entry, serial_bayou,
          serial_bayou_pond_c, serial_bayou_pond_d, serial_bayou_pond_e,
          serial_bayou_pond_b, old_standard_altar
Zot:1:    kennysheep_oblong_rooms, layout_basic
Zot:2:    layout_cathedral_of_symmetry, gammafunk_ghost_split,
          regret_index_zotdec_banners
Zot:3:    hangedman_zot_vaults_quadrants, layout_concentric_octagons,
          ebering_ghost_inner_flame
Zot:4:    layout_gridlike, grunt_ministairs_8
Zot:5:    layout_basic

Notes
Turn   | Place    | Note
-------+----------+-------------------------------------------
     0 | D:1      | MackTheKnife the Demonspawn Cinder Acolyte began the quest
                  | for the Orb.
     0 | D:1      | Reached XP level 1. HP: 18/18 MP: 2/2
     0 | D:1      | Noticed a ghoul
     0 | D:1      | Noticed a formicid
     0 | D:1      | Noticed a naga
     0 | D:1      | Noticed an elf
     0 | D:1      | Noticed a merfolk
     0 | D:1      | Noticed a merfolk
     0 | D:1      | Noticed a vine stalker
     0 | D:1      | Noticed a kraken
     0 | D:1      | Noticed a formicid
     0 | D:1      | Noticed a dwarf
     0 | D:1      | Noticed a naga
     0 | D:1      | Noticed a naga
     0 | D:1      | magus.rc [v1.9.6]
     3 | D:1      | Killed a dwarf
     5 | D:1      | Killed a naga
     6 | D:1      | Killed a merfolk
     6 | D:1      | Killed a vine stalker
     7 | D:1      | Killed a formicid
     8 | D:1      | Killed a naga
     9 | D:1      | Killed a naga
    10 | D:1      | Killed a merfolk
    13 | D:1      | Killed a formicid
    18 | D:1      | Killed a ghoul
    23 | D:1      | Killed an elf
   225 | D:1      | Reached skill level 1 in Stealth
   775 | D:1      | Found a faded altar of an unknown god.
   860 | D:2      | Gained mutation: You have large cloven feet. [demonic
                  | ancestry]
   860 | D:2      | Reached XP level 2. HP: 24/24 MP: 3/3
   868 | D:2      | Identified the +5 quarterstaff "Evoelis" {heavy, rN+ Int+4
                  | Dex+3}
   966 | D:2      | Reached skill level 2 in Stealth
  1063 | D:2      | Noticed Terence
  1076 | D:2      | Reached skill level 1 in Staves
  1093 | D:2      | Learned a level 2 spell: Scorch
  1116 | D:2      | Reached XP level 3. HP: 29/29 MP: 1/4
  1416 | D:2      | Reached skill level 2 in Staves
  1489 | D:2      | Gained mutation: A weak demonic guardian rushes to your
                  | aid. [demonic ancestry]
  1489 | D:2      | Reached XP level 4. HP: 35/35 MP: 0/5
  1761 | D:2      | Reached skill level 3 in Staves
  2350 | D:2      | Killed Terence
  2506 | D:3      | Found Unkedwiydd's Book Shoppe.
  2684 | D:3      | Gained mutation: You are partially covered in rugged brown
                  | scales. (AC +1, +3% HP) [demonic ancestry]
  2684 | D:3      | Reached XP level 5. HP: 35/42 MP: 1/6
  2869 | D:3      | Reached skill level 4 in Staves
  3579 | D:3      | Found a hazy altar of Hepliaklqana.
  4287 | D:4      | Reached skill level 5 in Staves
  4287 | D:4      | Reached XP level 6. HP: 48/48 MP: 7/7
  4591 | D:4      | You pick up a book of Winter and begin reading...
  4591 | D:4      | You add the spells Ozocubu's Armour, Metabolic Englaciation
                  | and Simulacrum to your library.
  4785 | D:4      | Found a shadowy altar of Dithmenos.
  5076 | D:4      | Reached skill level 6 in Staves
  5254 | D:5      | Entered Level 5 of the Dungeon
  5274 | D:5      | Gained mutation: You have hoof-like feet. [demonic
                  | ancestry]
  5274 | D:5      | Reached XP level 7. HP: 53/53 MP: 3/8
  5566 | D:5      | Noticed Grinder
  5584 | D:5      | Killed Grinder
  5585 | D:5      | Reached skill level 7 in Staves
  5756 | D:5      | HP: 9/53 [kobold brigand/+1 dagger of venom (6)]
  5784 | D:5      | Reached skill level 8 in Staves
  6001 | D:5      | Found Hughoriq's Antique Weapon Emporium.
  6029 | D:5      | Gained mutation: You have hooves in place of feet. [demonic
                  | ancestry]
  6029 | D:5      | Reached XP level 8. HP: 53/59 MP: 9/9
  6791 | D:6      | Found Barir's General Store.
  6798 | D:6      | Bought a scroll of teleportation for 30 gold pieces
  6798 | D:6      | Bought a scroll of identify for 20 gold pieces
  6798 | D:6      | Bought a potion of curing for 30 gold pieces
  6928 | D:6      | Found Oqustreaxt's Book Shoppe.
  6933 | D:6      | You pick up a book of the Senses and begin reading...
  6933 | D:6      | You add the spells Dazzling Flash, Agony and Silence to
                  | your library.
  6943 | D:6      | Reached skill level 9 in Staves
  7066 | D:6      | Found a glowing drain.
  7070 | Sewer    | Entered a sewer
  7473 | Sewer    | Reached skill level 4 in Fighting
  8233 | D:6      | Noticed Sigmund
  8239 | D:6      | Killed Sigmund
  8240 | D:6      | Reached skill level 5 in Fighting
  8240 | D:6      | Reached skill level 10 in Staves
  8240 | D:6      | Reached XP level 9. HP: 62/70 MP: 5/10
  8417 | D:6      | Found Jamoy's Book Emporium.
  8542 | D:6      | Found Dosigg's Book Shoppe.
  9050 | D:7      | Reached skill level 6 in Fighting
  9384 | D:7      | Reached skill level 7 in Fighting
  9384 | D:7      | Reached skill level 11 in Staves
  9689 | D:7      | Found a staircase to the Ecumenical Temple.
  9778 | D:7      | Reached XP level 10. HP: 82/82 MP: 11/11
 10025 | D:7      | Noticed a two-headed ogre
 10030 | D:7      | Killed a two-headed ogre
 10031 | D:7      | Reached skill level 8 in Fighting
 10116 | D:7      | Noticed Pikel
 10125 | D:7      | Killed Pikel
 10238 | D:7      | Noticed a two-headed ogre
 10238 | D:7      | Noticed a two-headed ogre
 10262 | D:7      | Reached skill level 12 in Staves
 10267 | D:7      | Killed a two-headed ogre
 10268 | D:7      | Reached skill level 9 in Fighting
 10279 | D:7      | Killed a two-headed ogre
 10759 | D:8      | Found a flagged portal.
 10773 | Bailey   | Entered a bailey
 10905 | Bailey   | Reached skill level 1 in Evocations
 10908 | Bailey   | Noticed Prince Ribbit
 10912 | Bailey   | Reached skill level 1 in Armour
 10912 | Bailey   | Reached skill level 1 in Dodging
 10912 | Bailey   | Reached XP level 11. HP: 78/92 MP: 12/12
 10921 | Bailey   | Killed Prince Ribbit
 10960 | Bailey   | Noticed a vault guard
 10975 | Bailey   | Killed a vault guard
 10976 | Bailey   | Reached skill level 10 in Fighting
 11038 | Bailey   | Noticed a vault guard
 11049 | Bailey   | Killed a vault guard
 11050 | Bailey   | Reached skill level 2 in Armour
 11050 | Bailey   | Reached skill level 2 in Dodging
 11050 | Bailey   | Reached skill level 2 in Evocations
 11136 | D:8      | You pick up a book of Frost and begin reading...
 11136 | D:8      | You add the spells Freeze, Frozen Ramparts and Hailstorm to
                  | your library.
 11533 | D:8      | Found Equg's CLEARANCE SALE!.
 11629 | D:8      | Bought a scroll of enchant weapon for 7 gold pieces
 11709 | D:8      | You add the spells Haunt, Borgnjor's Revivification and
                  | Death's Door to your library.
 11721 | D:8      | You pick up a book of Air and begin reading...
 11721 | D:8      | You add the spells Shock, Swiftness and Airstrike to your
                  | library.
 12086 | D:9      | Noticed Maurice
 12093 | D:9      | Killed Maurice
 12094 | D:9      | Reached skill level 3 in Evocations
 12162 | D:9      | Noticed a purple ugly thing
 12170 | D:9      | Killed a purple ugly thing
 12171 | D:9      | Reached skill level 3 in Armour
 12239 | D:9      | Noticed a two-headed ogre
 12244 | D:9      | Killed a two-headed ogre
 12245 | D:9      | Reached skill level 13 in Staves
 12245 | D:9      | Reached skill level 3 in Dodging
 12555 | D:9      | Found an opulent altar of Gozag.
 12831 | D:9      | You pick up a book of Callings and begin reading...
 12831 | D:9      | You add the spells Summon Small Mammal, Call Canine
                  | Familiar and Summon Guardian Golem to your library.
 12891 | D:10     | Entered Level 10 of the Dungeon
 12952 | D:10     | Noticed a two-headed ogre
 12960 | D:10     | Killed a two-headed ogre
 12961 | D:10     | Reached skill level 4 in Dodging
 12961 | D:10     | Reached skill level 4 in Evocations
 12975 | D:10     | You pick up a book of Air and begin reading...
 13023 | D:10     | Reached skill level 4 in Armour
 13376 | D:10     | HP: 20/94 [acid dragon/splash of acid (14)]
 13671 | D:10     | Reached skill level 11 in Fighting
 13820 | D:11     | Noticed Sonja
 13826 | D:11     | Killed Sonja
 13827 | D:11     | Gained mutation: You are mostly covered in rugged brown
                  | scales. (AC +2, +5% HP) [demonic ancestry]
 13827 | D:11     | Reached XP level 12. HP: 90/105 MP: 13/13
 13977 | D:11     | Noticed a two-headed ogre
 13985 | D:11     | Killed a two-headed ogre
 14372 | D:10     | Reached skill level 12 in Fighting
 14480 | D:11     | Found a staircase to the Lair.
 14702 | D:11     | Found a staircase to the Orcish Mines.
 15090 | D:11     | Found Gafoar's Antique Armour Shop.
 15098 | D:11     | Bought a bloodstained scale mail for 234 gold pieces
 15098 | D:11     | Identified the +2 scale mail of the Skies Above {Int+3}
                  | (You bought it in a shop on level 11 of the Dungeon)
 15109 | D:11     | Noticed a boulder beetle
 15116 | D:11     | Killed a boulder beetle
 15117 | D:11     | Reached skill level 5 in Armour
 15117 | D:11     | Reached skill level 5 in Dodging
 15321 | Lair:1   | Entered Level 1 of the Lair of Beasts
 15322 | Lair:1   | magus.rc [v1.9.6]
 15536 | Lair:1   | Noticed Jeremiah
 15766 | Lair:1   | Killed Jeremiah
 15767 | Lair:1   | Reached skill level 1 in Polearms
 15972 | Lair:1   | Reached skill level 2 in Polearms
 16149 | Lair:1   | Reached skill level 3 in Polearms
 16174 | Lair:1   | You pick up a book of Spatial Translocations and begin
                  | reading...
 16174 | Lair:1   | You add the spells Blink, Momentum Strike and Lesser
                  | Beckoning to your library.
 16370 | Lair:1   | Reached skill level 4 in Polearms
 16761 | Lair:2   | Identified the maw talisman "Zaxuoruw" {SInv}
 16810 | Lair:2   | Reached skill level 5 in Polearms
 17071 | Lair:2   | Reached skill level 6 in Polearms
 17132 | Lair:2   | HP: 26/107 [poisoned by a cane toad]
 17377 | Lair:2   | Noticed a four-headed hydra
 17391 | Lair:2   | Killed a four-headed hydra
 17415 | Lair:2   | Found a staircase to the Snake Pit.
 17519 | Lair:2   | Reached skill level 7 in Polearms
 17657 | Lair:2   | Reached XP level 13. HP: 113/113 MP: 14/14
 17788 | Lair:2   | Identified the +8 rapier of Ravage {antimagic, Fly rC- rN++
                  | Int+2}
 17988 | D:8      | Bought a +2 buckler of poison resistance for 18 gold pieces
 18176 | Lair:3   | Reached skill level 1 in Shields
 18293 | Lair:3   | Reached skill level 2 in Shields
 18323 | Lair:3   | Reached skill level 8 in Polearms
 18716 | Lair:3   | Reached skill level 3 in Shields
 18755 | Lair:3   | Reached skill level 4 in Shields
 18988 | Lair:3   | Noticed an eleionoma
 19224 | Lair:4   | Reached skill level 9 in Polearms
 19545 | Lair:4   | Reached skill level 5 in Shields
 19925 | Lair:4   | Reached skill level 10 in Polearms
 20267 | Lair:4   | Learned a level 3 spell: Call Canine Familiar
 20271 | Lair:4   | Learned a level 3 spell: Summon Guardian Golem
 20294 | Lair:5   | Entered Level 5 of the Lair of Beasts
 20348 | Lair:5   | Reached skill level 1 in Summonings
 20448 | Lair:4   | Reached skill level 2 in Spellcasting
 20510 | Lair:5   | Reached skill level 2 in Summonings
 20624 | Lair:5   | Identified the +5 sling of Blood-Lust {freeze, Fragile
                  | rC+++ MP+9 Dex-4}
 20771 | Lair:5   | Reached XP level 14. HP: 102/120 MP: 18/18
 20839 | Lair:5   | Reached skill level 3 in Spellcasting
 20904 | Lair:5   | Reached skill level 3 in Summonings
 21080 | Lair:5   | Found a staircase to the Slime Pits.
 21081 | Lair:5   | Found a viscous altar of Jiyva.
 21215 | Lair:5   | Reached skill level 11 in Polearms
 21233 | Lair:5   | Reached skill level 4 in Summonings
 21360 | Lair:5   | You pick up a book of Power and begin reading...
 21360 | Lair:5   | You add the spells Iskenderun's Battlesphere, Bombard and
                  | Spellforged Servitor to your library.
 21535 | Lair:5   | Reached skill level 5 in Summonings
 22025 | Lair:5   | Reached skill level 6 in Summonings
 22222 | Lair:5   | You pick up a book of Winter and begin reading...
 22248 | Lair:5   | You pick up a book of Fire and begin reading...
 22248 | Lair:5   | You add the spells Foxfire, Plasma Beam and Starburst to
                  | your library.
 22328 | Lair:5   | Reached skill level 6 in Dodging
 22546 | Lair:5   | Reached skill level 7 in Dodging
 22768 | D:6      | Bought a book of Changes for 252 gold pieces
 22768 | D:6      | You pick up a book of Changes and begin reading...
 22768 | D:6      | You add the spells Wereblood and Irradiate to your library.
 22771 | D:6      | Learned a level 2 spell: Wereblood
 23036 | Lair:5   | Reached skill level 1 in Transmutations
 23238 | Lair:5   | Reached skill level 2 in Transmutations
 23530 | Lair:5   | Reached skill level 3 in Transmutations
 23746 | Lair:5   | Fell from the grace of Ignis
 23746 | Lair:5   | Became a worshipper of Jiyva Jomm the Shapeless
 23867 | Orc:1    | Entered Level 1 of the Orcish Mines
 24083 | Orc:1    | Reached skill level 4 in Transmutations
 24229 | Orc:1    | Noticed an orc warlord
 24254 | Orc:1    | Killed an orc warlord
 24403 | Orc:1    | Reached * piety under Jiyva
 24506 | Orc:1    | Reached skill level 6 in Armour
 24693 | Orc:2    | Entered Level 2 of the Orcish Mines
 24764 | Orc:2    | Found Tajush's Antique Weapon Boutique.
 24777 | Orc:2    | Found a staircase to the Elven Halls.
 24832 | Orc:2    | Found Miwy's Book Boutique.
 25073 | Orc:1    | Reached skill level 6 in Shields
 25108 | Orc:2    | Noticed an orc warlord
 25209 | Orc:2    | Reached skill level 8 in Dodging
 25211 | Orc:2    | Found Nozxagrung's General Store.
 25248 | Orc:2    | Gained mutation: Your demonic aura sometimes causes spilled
                  | blood to erupt in flames. [demonic ancestry]
 25248 | Orc:2    | Reached XP level 15. HP: 126/126 MP: 19/19
 25402 | Orc:2    | Reached ** piety under Jiyva
 25882 | Orc:2    | Found Zaep's Antique Armour Shop.
 26090 | Orc:2    | Bought an ichor-stained leather armour for 224 gold pieces
 26090 | Orc:2    | Identified the +1 leather armour of a Labyrinth {-Tele
                  | Int-4 Dex+7 Stlth+} (You bought it in a shop on level 2 of
                  | the Orcish Mines)
 26279 | D:12     | Noticed Psyche
 26286 | D:12     | Killed Psyche
 26448 | D:12     | Reached skill level 9 in Dodging
 26532 | D:12     | Reached *** piety under Jiyva
 26668 | D:12     | Identified the +0 leather armour "Bunluotabb" {Dex+4
                  | Stlth-}
 26903 | D:12     | Was forgiven by Ignis
 27217 | D:13     | Gained mutation: Your rubbery body absorbs attacks. (AC +1,
                  | EV +1) [Jiyva's grace]
 27217 | D:13     | Gained mutation: Your pliable body absorbs attacks. (AC +2,
                  | EV +2) [Jiyva's grace]
 27217 | D:13     | Gained mutation: Your gelatinous body deflects attacks. (AC
                  | +3, EV +3) [Jiyva's grace]
 27217 | D:13     | Gained mutation: You have a small jelly attached to you
                  | that senses nearby items. [Jiyva's grace]
 27578 | D:13     | Reached **** piety under Jiyva
 27959 | D:13     | Reached skill level 12 in Polearms
 28005 | D:14     | Found Nobbiluc's Assorted Antiques.
 28010 | D:14     | Bought a pitted tin amulet for 95 gold pieces
 28010 | D:14     | Identified the amulet "Lubapnall" {RegenMP Int+2 Dex+5
                  | SInv} (You bought it in a shop on level 14 of the Dungeon)
 28025 | D:14     | Found Xueps's Magic Scroll Shoppe.
 28041 | D:14     | Found Zurag's Weapon Shoppe.
 28046 | D:14     | Identified the ring "Razuic" {rC+ EV+5 Int+3}
 28076 | D:14     | Was placed under penance by Jiyva
 28364 | D:14     | Found Emealylao's Assorted Antiques.
 28390 | D:14     | Was forgiven by Jiyva
 28470 | D:14     | Found Cesisom's Jewellery Emporium.
 28935 | D:14     | Reached skill level 13 in Fighting
 29198 | D:15     | Entered Level 15 of the Dungeon
 29325 | D:15     | You are cast into the Abyss!
 29325 | Abyss:3  | Cast into level 3 of the Abyss (an occultist)
 29331 | Abyss:3  | Noticed a tentacled starspawn
 29338 | Abyss:3  | Reached ***** piety under Jiyva
 29373 | D:15     | You pass through the gate.
 29373 | D:15     | Escaped the Abyss
 29382 | D:15     | Found a staircase to the Depths.
 29402 | D:15     | Reached skill level 3 in Stealth
 29640 | D:15     | Reached skill level 4 in Stealth
 29672 | D:15     | Reached skill level 5 in Stealth
 29874 | D:15     | Lost mutation: Your gelatinous body deflects attacks. (AC
                  | +3, EV +3) [Jiyva's grace]
 29874 | D:15     | Gained mutation: You have acidic saliva. [Jiyva's grace]
 29874 | D:15     | Gained mutation: Armour fits poorly on your pseudopods.
                  | [Jiyva's grace]
 29874 | D:15     | Gained mutation: Armour fits poorly on your large
                  | pseudopods. [Jiyva's grace]
 29874 | D:15     | Gained mutation: Armour fits poorly on your massive
                  | pseudopods. [Jiyva's grace]
 29960 | D:15     | Found the +12 glaive of Prune {freeze, Prune}
 30254 | Snake:1  | Entered Level 1 of the Snake Pit
 30476 | Snake:1  | Reached skill level 13 in Polearms
 30544 | Snake:1  | Gained mutation: Your demonic aura often causes spilled
                  | blood to erupt in flames. [demonic ancestry]
 30544 | Snake:1  | Reached XP level 16. HP: 138/138 MP: 18/20
 30575 | Snake:1  | Reached skill level 14 in Fighting
 31080 | Snake:1  | Reached skill level 14 in Polearms
 31123 | Snake:1  | Reached ****** piety under Jiyva
 31282 | Slime:1  | Entered Level 1 of the Pits of Slime
 31282 | Slime:1  | Noticed an acid blob
 31297 | Slime:3  | Noticed an acid blob
 31377 | Slime:4  | Noticed an acid blob
 31423 | Slime:4  | Noticed an acid blob
 31457 | Slime:5  | Entered Level 5 of the Pits of Slime
 31491 | Slime:5  | Noticed an acid blob
 31492 | Slime:5  | Found a viscous altar of Jiyva.
 31499 | Slime:5  | Identified the +5 orcbow of Koteala {flame, rC- rCorr
                  | Int+3}
 31502 | Slime:5  | Identified the +7 long sword "Taeneci" {freeze, *Rage Will+
                  | Int+3 Dex+7}
 31515 | Slime:5  | Identified the +1 whip "Transmigrator" {flame, SInv}
 31519 | Slime:5  | Got a slimy rune of Zot
 31529 | Slime:5  | Identified the +0 arbalest of the Bear {speed, Int+4}
 31532 | Slime:5  | Identified the staff "Jask" {rElec rPois Will- rCorr Dex+5
                  | Poison}
 31545 | Slime:5  | You add the spells Freezing Cloud and Summon Forest to your
                  | library.
 31545 | Slime:5  | Got the Anthology of the Brume and Apparitions
 31548 | Slime:5  | You add the spells Brom's Barrelling Boulder and Ozocubu's
                  | Refrigeration to your library.
 31548 | Slime:5  | Got the Omnibus of Wintry Orogeny
 31548 | Slime:5  | Noticed an acid blob
 31700 | Slime:5  | Noticed the Royal Jelly
 31725 | Slime:5  | Noticed an acid blob
 32073 | Orc:2    | Bought a spiked scale mail for 288 gold pieces
 32073 | Orc:2    | Identified the +0 scale mail "Juraskol" {Fly rElec Str+2
                  | Int+4} (You bought it in a shop on level 2 of the Orcish
                  | Mines)
 32254 | Snake:1  | You pick up a book of Scorching and begin reading...
 32254 | Snake:1  | You add the spells Flame Wave and Summon Cactus Giant to
                  | your library.
 32838 | Snake:2  | Lost mutation: Your pliable body absorbs attacks. (AC +2,
                  | EV +2) [Jiyva's grace]
 32838 | Snake:2  | Lost mutation: Armour fits poorly on your massive
                  | pseudopods. [Jiyva's grace]
 32838 | Snake:2  | Gained mutation: You expend magic power (3 MP) to
                  | strengthen your wands. [Jiyva's grace]
 32838 | Snake:2  | Gained mutation: You have a pair of small horns on your
                  | head. [Jiyva's grace]
 32838 | Snake:2  | Gained mutation: You have a pair of horns on your head.
                  | [Jiyva's grace]
 32838 | Snake:2  | Gained mutation: You have a pair of large horns on your
                  | head. [Jiyva's grace]
 32848 | Snake:2  | Noticed Donald
 33044 | Snake:1  | Killed Donald
 33117 | Snake:2  | Reached skill level 15 in Polearms
 33247 | Snake:2  | Found a runed translucent gate.
 33247 | Snake:2  | Found a runed translucent gate.
 33247 | Snake:2  | Found a runed translucent gate.
 33269 | Snake:2  | Noticed Dirtsage's ghost (adept MiFi)
 33286 | Snake:2  | Found Arool's Magic Scroll Shoppe.
 33297 | Snake:2  | Found Itsof's Assorted Antiques.
 33299 | Snake:2  | Bought a scroll of blinking for 112 gold pieces
 33437 | Snake:2  | Found the +3 pair of gauntlets of War {Slay+5}
 34146 | Snake:3  | Identified the +0 leather armour of Soft Rains {MP+9 Int+4
                  | Dex+2}
 34248 | Snake:3  | Identified the +0 pair of gloves of Fashionability {rElec
                  | Will+ Int-5}
 34327 | Snake:3  | Reached skill level 16 in Polearms
 34519 | Snake:3  | Reached XP level 17. HP: 98/145 MP: 21/21
 34573 | Snake:3  | magus.rc [v1.9.6]
 35204 | Snake:4  | Entered Level 4 of the Snake Pit
 35270 | Snake:4  | Found a frozen archway.
 35296 | IceCv    | Entered an ice cave
 35310 | IceCv    | Reached skill level 10 in Dodging
 35512 | IceCv    | Reached skill level 15 in Fighting
 35526 | IceCv    | Identified the +0 hat of Ru, Disbelieving {Regen+}
 35536 | IceCv    | You add the spells Sting, Poisonous Vapours and Olgreb's
                  | Toxic Radiance to your library.
 35800 | Snake:4  | Upgraded the game from 0.31-a0-1104-g3bd3108e02 to
                  | 0.31-a0-1111-ga3525b893c
 35800 | Snake:4  | magus.rc [v1.9.6]
 35860 | Snake:4  | Lost mutation: You have a pair of large horns on your head.
                  | [Jiyva's grace]
 35860 | Snake:4  | Lost mutation: Armour fits poorly on your large pseudopods.
                  | [Jiyva's grace]
 35860 | Snake:4  | Gained mutation: Your pliable body absorbs attacks. (AC +2,
                  | EV +2) [Jiyva's grace]
 35860 | Snake:4  | Gained mutation: Your gelatinous body deflects attacks. (AC
                  | +3, EV +3) [Jiyva's grace]
 35860 | Snake:4  | Gained mutation: You are covered in slimy tendrils that may
                  | disarm your opponents. [Jiyva's grace]
 35860 | Snake:4  | Gained mutation: Your spells are a little harder to cast,
                  | but a little more powerful. [Jiyva's grace]
 36504 | Lair:3   | Reached skill level 11 in Dodging
 36626 | Lair:3   | Found a staircase to the Swamp.
 36681 | Swamp:1  | Entered Level 1 of the Swamp
 38005 | Swamp:2  | Reached skill level 16 in Fighting
 38312 | Swamp:3  | Aim: a spriggan rider, wielding a +0 spear (about 34% to
                  | evade the +12 glaive of Prune)
 38312 | Swamp:3  | Aim: a spriggan rider, wielding a +0 spear (about 34% to
                  | evade the +12 glaive of Prune)
 38313 | Swamp:3  | Aim: a spriggan rider, wielding a +0 spear (about 34% to
                  | evade the +12 glaive of Prune)
 38313 | Swamp:3  | Aim: a spriggan rider, wielding a +0 spear (about 34% to
                  | evade the +12 glaive of Prune)
 38314 | Swamp:3  | Aim: a spriggan, wielding a +0 spear (flame, almost dead,
                  | about 34% to evade the +12 glaive of Prune)
 38314 | Swamp:3  | Aim: a spriggan, wielding a +0 spear (flame, almost dead,
                  | about 34% to evade the +12 glaive of Prune)
 38408 | Swamp:3  | You pick up a book of Vapours and begin reading...
 38429 | Swamp:3  | Learned a level 5 spell: Summon Forest
 38562 | Swamp:3  | Lost mutation: You have a pair of horns on your head.
                  | [Jiyva's grace]
 38562 | Swamp:3  | Lost mutation: You are covered in slimy tendrils that may
                  | disarm your opponents. [Jiyva's grace]
 38562 | Swamp:3  | Lost mutation: You expend magic power (3 MP) to strengthen
                  | your wands. [Jiyva's grace]
 38562 | Swamp:3  | Gained mutation: You expend magic power (3 MP) to
                  | strengthen your wands. [Jiyva's grace]
 38562 | Swamp:3  | Gained mutation: You have hidden genetic potential.
                  | [Jiyva's grace]
 38562 | Swamp:3  | Gained mutation: You have great hidden genetic potential.
                  | [Jiyva's grace]
 38562 | Swamp:3  | Gained mutation: You have a pair of horns on your head.
                  | [Jiyva's grace]
 38723 | Swamp:4  | Entered Level 4 of the Swamp
 38725 | Swamp:4  | Reached skill level 12 in Dodging
 38863 | Swamp:4  | Gained mutation: Your demonic aura causes all spilled blood
                  | to erupt in flames. [demonic ancestry]
 38863 | Swamp:4  | Reached XP level 18. HP: 158/158 MP: 22/22
 38913 | Swamp:4  | Reached skill level 17 in Polearms
 39112 | Swamp:4  | Reached skill level 7 in Armour
 39197 | Swamp:4  | Got a decaying rune of Zot
 39709 | Snake:4  | Reached skill level 8 in Armour
 39887 | Snake:4  | Reached skill level 18 in Polearms
 40073 | Snake:4  | Got a serpentine rune of Zot
 40357 | D:13     | magus.rc [v1.9.6]
 40459 | D:13     | Found a gate to the Vaults.
 40468 | D:13     | Reached skill level 1 in Translocations
 40495 | D:13     | Gained mutation: Your muscles are strong. (Str +4, Int/Dex
                  | -1) [hidden potential]
 40553 | Vaults:1 | Entered Level 1 of the Vaults
 40665 | Vaults:1 | Reached skill level 2 in Translocations
 40692 | Vaults:1 | Reached skill level 4 in Spellcasting
 40738 | Vaults:1 | Reached skill level 7 in Summonings
 40869 | Vaults:1 | Reached skill level 3 in Translocations
 40916 | Vaults:1 | Reached XP level 19. HP: 164/164 MP: 25/25
 41080 | Vaults:1 | Found a runed translucent door.
 41082 | Vaults:1 | Noticed Fieg's ghost (veteran HuWn)
 41162 | Vaults:1 | Reached skill level 5 in Spellcasting
 41275 | Vaults:1 | Reached skill level 4 in Translocations
 41442 | Vaults:1 | Lost mutation: You have a pair of horns on your head.
                  | [Jiyva's grace]
 41442 | Vaults:1 | Lost mutation: Your muscles are strong. (Str +4, Int/Dex
                  | -1) [Jiyva's grace]
 41442 | Vaults:1 | Lost mutation: Armour fits poorly on your pseudopods.
                  | [Jiyva's grace]
 41442 | Vaults:1 | Gained mutation: Your flesh is heat resistant. (rF+)
                  | [Jiyva's grace]
 41442 | Vaults:1 | Gained mutation: Your flesh is very heat resistant. (rF++)
                  | [Jiyva's grace]
 41442 | Vaults:1 | Gained mutation: Your flesh is almost immune to the effects
                  | of heat. (rF+++) [Jiyva's grace]
 41442 | Vaults:1 | Gained mutation: You have a small jelly attached to you
                  | that may absorb projectiles. [Jiyva's grace]
 41692 | Vaults:1 | Reached skill level 8 in Summonings
 41735 | Vaults:2 | Reached skill level 5 in Translocations
 41817 | Vaults:2 | Reached skill level 9 in Summonings
 41830 | Vaults:2 | Reached skill level 6 in Translocations
 42032 | Vaults:2 | Found a staircase to the Crypt.
 42116 | Vaults:2 | Reached skill level 7 in Translocations
 42153 | Vaults:2 | Reached skill level 10 in Summonings
 42625 | Vaults:2 | Found a transporter.
 42625 | Vaults:2 | Found a transporter.
 42628 | Vaults:2 | Found a bloodstained altar of Trog.
 42635 | Vaults:2 | Noticed Wiath's ghost (adept DrBr)
 42637 | Vaults:2 | Found the +8 demon blade "Leech" {evervamp, Harm Drain rN+}
 42848 | Vaults:3 | Aim: an ironbound preserver, wielding a +0 flail and
                  | wearing a +0 leather armour (flame, almost dead, inner
                  | flame, about 12% to evade the +12 glaive of Prune)
 42848 | Vaults:3 | Aim: an ironbound preserver, wielding a +0 flail and
                  | wearing a +0 leather armour (flame, almost dead, inner
                  | flame, about 12% to evade the +12 glaive of Prune)
 42849 | Vaults:3 | Reached skill level 8 in Translocations
 42862 | Vaults:3 | Gained mutation: You are agile. (Dex +4, Str/Int -1)
                  | [hidden potential]
 42862 | Vaults:3 | Lost mutation: You have great hidden genetic potential.
                  | [hidden potential expressed]
 42877 | Vaults:3 | Found a crumbling gateway.
 42883 | Desolati | Entered the Desolation of Salt
 42936 | Desolati | Lost mutation: You have a pair of small horns on your head.
                  | [Jiyva's grace]
 42936 | Desolati | Lost mutation: You have acidic saliva. [Jiyva's grace]
 42936 | Desolati | Lost mutation: You expend magic power (3 MP) to strengthen
                  | your wands. [Jiyva's grace]
 42936 | Desolati | Gained mutation: Armour fits poorly on your pseudopods.
                  | [Jiyva's grace]
 42936 | Desolati | Gained mutation: Armour fits poorly on your large
                  | pseudopods. [Jiyva's grace]
 42936 | Desolati | Gained mutation: Armour fits poorly on your massive
                  | pseudopods. [Jiyva's grace]
 42936 | Desolati | Lost mutation: You have hidden genetic potential. [Jiyva's
                  | grace]
 42936 | Desolati | Gained mutation: You are somewhat resistant to further
                  | mutation. [Jiyva's grace]
 43032 | Desolati | Aim: a servant of whispers, wielding a +0 spear and wearing
                  | a +0 robe (salt, almost dead, about 20% to evade the +12
                  | glaive of Prune)
 43032 | Desolati | Aim: a servant of whispers, wielding a +0 spear and wearing
                  | a +0 robe (salt, almost dead, about 20% to evade the +12
                  | glaive of Prune)
 43034 | Desolati | Aim: a servant of whispers, wielding a +0 spear and wearing
                  | a +0 robe (salt, about 20% to evade the +12 glaive of
                  | Prune)
 43034 | Desolati | Aim: a servant of whispers, wielding a +0 spear and wearing
                  | a +0 robe (salt, about 20% to evade the +12 glaive of
                  | Prune)
 43034 | Desolati | Aim: a servant of whispers, wielding a +0 spear and wearing
                  | a +0 robe (moderately wounded, ally target, about 20% to
                  | evade the +12 glaive of Prune)
 43035 | Desolati | Aim: a servant of whispers, wielding a +0 spear and wearing
                  | a +0 robe (heavily wounded, ally target, about 20% to evade
                  | the +12 glaive of Prune)
 43035 | Desolati | Aim: a servant of whispers, wielding a +0 spear and wearing
                  | a +0 robe (heavily wounded, ally target, about 20% to evade
                  | the +12 glaive of Prune)
 43036 | Desolati | Aim: a servant of whispers, wielding a +0 spear and wearing
                  | a +0 robe (almost dead, ally target, about 20% to evade the
                  | +12 glaive of Prune)
 43036 | Desolati | Aim: a servant of whispers, wielding a +0 spear and wearing
                  | a +0 robe (almost dead, ally target, about 20% to evade the
                  | +12 glaive of Prune)
 43037 | Desolati | Aim: a servant of whispers, wielding a +0 spear and wearing
                  | a +0 robe (almost dead, ally target, about 20% to evade the
                  | +12 glaive of Prune)
 43037 | Desolati | Aim: a servant of whispers, wielding a +0 spear and wearing
                  | a +0 robe (almost dead, ally target, about 20% to evade the
                  | +12 glaive of Prune)
 43038 | Desolati | Aim: a servant of whispers, wielding a +0 spear and wearing
                  | a +0 robe (almost dead, about 20% to evade the +12 glaive
                  | of Prune)
 43038 | Desolati | Aim: a servant of whispers, wielding a +0 spear and wearing
                  | a +0 robe (almost dead, about 20% to evade the +12 glaive
                  | of Prune)
 43040 | Desolati | Aim: a servant of whispers, wielding a +0 spear and wearing
                  | a +0 robe (lightly wounded, stilling the winds, ally
                  | target, about 22% to evade the +12 glaive of Prune)
 43041 | Desolati | Aim: a servant of whispers, wielding a +0 spear and wearing
                  | a +0 robe (lightly wounded, stilling the winds, ally
                  | target, about 22% to evade the +12 glaive of Prune)
 43041 | Desolati | Aim: a servant of whispers, wielding a +0 spear and wearing
                  | a +0 robe (lightly wounded, stilling the winds, ally
                  | target, about 22% to evade the +12 glaive of Prune)
 43042 | Desolati | Aim: a servant of whispers, wielding a +0 spear and wearing
                  | a +0 robe (moderately wounded, stilling the winds, ally
                  | target, about 22% to evade the +12 glaive of Prune)
 43042 | Desolati | Aim: a servant of whispers, wielding a +0 spear and wearing
                  | a +0 robe (moderately wounded, stilling the winds, ally
                  | target, about 22% to evade the +12 glaive of Prune)
 43257 | Desolati | Reached skill level 9 in Translocations
 43324 | Desolati | Reached skill level 11 in Summonings
 43386 | Desolati | Found the +5 scythe "Finisher" {speed, execute}
 43389 | Desolati | Identified the ring "Vicib" {MP+9 Str+5 Dex-4}
 43393 | Desolati | You add the spells Magic Dart, Stone Arrow and Iskenderun's
                  | Mystic Blast to your library.
 43393 | Desolati | Got the Grimoire of the Crater and the Barrage
 43395 | Desolati | Got the Exposition on Injury
 43413 | Desolati | Gained mutation: Your hexes are more powerful. [demonic
                  | ancestry]
 43413 | Desolati | Reached XP level 20. HP: 172/172 MP: 27/27
 43473 | Desolati | Got Semuwuac's Folio of Evolution and the Bane
 43477 | Desolati | You add the spells Yara's Violent Unravelling and
                  | Alistair's Intoxication to your library.
 43477 | Desolati | Got the Monograph on the Figure
 43479 | Desolati | You add the spells Ignite Poison and Arcjolt to your
                  | library.
 43479 | Desolati | Got the Almanac of Flame and Blasting
 43578 | Desolati | You add the spells Fulminant Prism and Orb of Destruction
                  | to your library.
 43578 | Desolati | Got the Vellum of Impulse
 43580 | Desolati | Got the Collected Works on Arctic Austromancy
 43589 | Desolati | Identified the scarf "Ninluuph" {repulsion, SInv}
 43591 | Desolati | Identified the staff of Yruesuiw {Fly rElec Air Poison}
 43903 | Vaults:3 | Reached skill level 10 in Translocations
 44066 | Vaults:3 | Reached skill level 12 in Summonings
 44107 | Vaults:3 | Identified the +1 bardiche of Darkness {elec, *Noise rElec
                  | rPois rN+++}
 44125 | Vaults:3 | You pick up a book of Changes and begin reading...
 44609 | Vaults:3 | Lost mutation: Armour fits poorly on your massive
                  | pseudopods. [Jiyva's grace]
 44609 | Vaults:3 | Lost mutation: Armour fits poorly on your large pseudopods.
                  | [Jiyva's grace]
 44609 | Vaults:3 | Lost mutation: You have a small jelly attached to you that
                  | senses nearby items. [Jiyva's grace]
 44609 | Vaults:3 | Gained mutation: You have a pair of small horns on your
                  | head. [Jiyva's grace]
 44609 | Vaults:3 | Gained mutation: You have a pair of horns on your head.
                  | [Jiyva's grace]
 44609 | Vaults:3 | Gained mutation: You have a pair of large horns on your
                  | head. [Jiyva's grace]
 44609 | Vaults:3 | Gained mutation: You passively dampen the noise of your
                  | surroundings. [Jiyva's grace]
 44777 | Vaults:4 | Reached skill level 11 in Translocations
 45277 | Vaults:4 | HP: 38/174 [orc warlord/+3 bardiche (43)]
 46027 | Elf:1    | Entered Level 1 of the Elven Halls
 46101 | Elf:1    | You pick up a book of Blood and begin reading...
 46101 | Elf:1    | You add the spells Sublimation of Blood and Summon Hydra to
                  | your library.
 46142 | Elf:1    | Found Qaiklof's Distillery.
 46146 | Elf:1    | Bought a potion of experience for 700 gold pieces
 46146 | Elf:1    | Reached skill level 13 in Dodging
 46146 | Elf:1    | Reached XP level 21. HP: 181/181 MP: 28/28
 46147 | Elf:1    | Bought a potion of might for 56 gold pieces
 46147 | Elf:1    | Bought a potion of haste for 140 gold pieces
 46147 | Elf:1    | Bought a potion of enlightenment for 70 gold pieces
 46162 | Elf:1    | Found Giodymoj's Book Boutique.
 46164 | Elf:1    | Found Seshi's Jewellery Shoppe.
 46166 | Elf:1    | Found Xoruo's Book Boutique.
 46305 | Elf:1    | Reached skill level 17 in Fighting
 46370 | Elf:1    | Found a transporter.
 46378 | Elf:1    | Found a transporter.
 46380 | Elf:1    | Noticed Adylimun's ghost (journeyman HOFi)
 46670 | Elf:2    | Found a runed translucent door.
 46673 | Elf:2    | Noticed Ge0ff's ghost (adept DsAr)
 46704 | Elf:2    | Lost mutation: You have a pair of large horns on your head.
                  | [Jiyva's grace]
 46704 | Elf:2    | Lost mutation: You are somewhat resistant to further
                  | mutation. [Jiyva's grace]
 46704 | Elf:2    | Lost mutation: Your spells are a little harder to cast, but
                  | a little more powerful. [Jiyva's grace]
 46704 | Elf:2    | Lost mutation: Your gelatinous body deflects attacks. (AC
                  | +3, EV +3) [Jiyva's grace]
 46704 | Elf:2    | Lost mutation: Your pliable body absorbs attacks. (AC +2,
                  | EV +2) [Jiyva's grace]
 46704 | Elf:2    | Lost mutation: You passively dampen the noise of your
                  | surroundings. [Jiyva's grace]
 46704 | Elf:2    | Gained mutation: You are somewhat resistant to further
                  | mutation. [Jiyva's grace]
 46704 | Elf:2    | Gained mutation: You are somewhat resistant to both further
                  | mutation and mutation removal. [Jiyva's grace]
 46704 | Elf:2    | Gained mutation: You are almost entirely resistant to
                  | further mutation and mutation removal. [Jiyva's grace]
 46704 | Elf:2    | Gained mutation: You are robust. (+10% HP) [Jiyva's grace]
 46808 | Elf:2    | Found a runed translucent gate.
 46808 | Elf:2    | Found a runed translucent gate.
 46808 | Elf:2    | Found a runed translucent gate.
 46879 | Elf:2    | Noticed Roxanne
 46935 | Elf:2    | You pick up a book of Changes and begin reading...
 47284 | Elf:3    | Entered Level 3 of the Elven Halls
 47290 | Elf:3    | Found Zatest's Book Shop.
 47306 | Elf:3    | Bought a book of the Warp for 672 gold pieces
 47306 | Elf:3    | You pick up a book of the Warp and begin reading...
 47306 | Elf:3    | You add the spells Manifold Assault, Dispersal and
                  | Disjunction to your library.
 47311 | Elf:3    | Learned a level 4 spell: Manifold Assault
 47376 | Elf:3    | Gained mutation: You are completely covered in rugged brown
                  | scales. (AC +3, +7% HP) [demonic ancestry]
 47376 | Elf:3    | Reached XP level 22. HP: 201/212 MP: 19/29
 47565 | Elf:3    | You pick up a book of Flames and begin reading...
 47565 | Elf:3    | You add the spells Inner Flame and Sticky Flame to your
                  | library.
 47784 | Elf:2    | Found an ancient bone altar of Kikubaaqudgha.
 47851 | Elf:3    | Identified the ring of Nakkadom {rPois Will+ Str-2 Int+6
                  | Dex+2}
 47913 | Elf:3    | Reached skill level 14 in Dodging
 47982 | Elf:3    | Identified the ring of Tuarilluqos {*Slow rN+++ Will+
                  | Int+6}
 47994 | Elf:3    | Reached skill level 18 in Fighting
 48269 | Elf:3    | Identified the ring of the Lost Bounties {rPois rC+ MP+9
                  | Str+6}
 48280 | Elf:3    | You pick up a book of Misfortune and begin reading...
 48287 | Elf:3    | Got Meerobb's Elucidation of Angles and Flame
 48292 | Elf:3    | Identified the ring of Life {rF+ Dex+3 Stlth+}
 48329 | Elf:3    | Identified the staff "Upromoxu" {rElec rF+ Int+3 Dex+5 Air}
 48340 | Elf:3    | You pick up a book of the Wilderness and begin reading...
 48362 | Elf:3    | Identified the amulet "Roitelau" {Faith Drain Slay+5}
 48392 | Elf:3    | Identified the ring "Conur" {rF+ Str+6 Int+2 Dex+3 Stlth+}
 48430 | Elf:3    | You pick up a book of Chaos and begin reading...
 48430 | Elf:3    | You add the spells Conjure Ball Lightning and Discord to
                  | your library.
 48795 | Depths:1 | Entered Level 1 of the Depths
 48840 | Depths:1 | Found a runed translucent door.
 48841 | Depths:1 | Noticed KimchiStew's ghost (veteran OpFi)
 48962 | Depths:1 | Reached skill level 9 in Armour
 49092 | Depths:1 | Identified the +6 spear of Qutuha {freeze, Dex+4}
 49192 | Depths:1 | Lost mutation: You are robust. (+10% HP) [Jiyva's grace]
 49192 | Depths:1 | Gained mutation: You have a small jelly attached to you
                  | that senses nearby items. [Jiyva's grace]
 49192 | Depths:1 | Gained mutation: You expend magic power (3 MP) to
                  | strengthen your wands. [Jiyva's grace]
 49192 | Depths:1 | Gained mutation: Your system is resistant to poisons.
                  | (rPois) [Jiyva's grace]
 49192 | Depths:1 | Gained mutation: You are very agile. (Dex +8, Str/Int -2)
                  | [Jiyva's grace]
 49312 | Depths:1 | Found a hide-covered altar of Uskayaw.
 49557 | Depths:1 | Found a gateway to Hell.
 49916 | Depths:1 | Reached skill level 15 in Dodging
 49999 | Depths:2 | Reached skill level 19 in Fighting
 50021 | Depths:1 | Noticed a golden dragon
 50031 | Depths:1 | Killed a golden dragon
 50031 | Depths:1 | Identified +0 gold dragon scales
 50033 | Depths:1 | +0 gold dragon scales {rare}; a golden dragon corpse
 50033 | Depths:1 | K - +0 gold dragon scales {rare}
 50231 | Depths:2 | Found a one-way gate leading to the halls of Pandemonium.
 50368 | Depths:2 | HP: 35/196 [iron troll (17)]
 50678 | Depths:2 | Noticed Jory
 50682 | Depths:2 | Gained mutation: Your melee attacks may debilitate your
                  | foes. [demonic ancestry]
 50682 | Depths:2 | Reached XP level 23. HP: 189/204 MP: 19/30
 50695 | Depths:2 | Killed Jory
 50717 | Depths:2 | Found a basalt altar of Yredelemnul.
 51170 | Depths:2 | Reached skill level 16 in Dodging
 51279 | Depths:2 | Lost mutation: You have a pair of horns on your head.
                  | [Jiyva's grace]
 51279 | Depths:2 | Lost mutation: Your flesh is almost immune to the effects
                  | of heat. (rF+++) [Jiyva's grace]
 51279 | Depths:2 | Lost mutation: Your flesh is very heat resistant. (rF++)
                  | [Jiyva's grace]
 51279 | Depths:2 | Lost mutation: You are almost entirely resistant to further
                  | mutation and mutation removal. [Jiyva's grace]
 51279 | Depths:2 | Lost mutation: Your rubbery body absorbs attacks. (AC +1,
                  | EV +1) [Jiyva's grace]
 51279 | Depths:2 | Gained mutation: Your natural rate of healing is unusually
                  | fast. [Jiyva's grace]
 51279 | Depths:2 | Gained mutation: You heal very quickly. [Jiyva's grace]
 51279 | Depths:2 | Gained mutation: You regenerate. [Jiyva's grace]
 51279 | Depths:2 | Gained mutation: You are strong-willed. (Will+) [Jiyva's
                  | grace]
 51771 | Depths:3 | +0 storm dragon scales {rare}; a storm dragon corpse
 51771 | Depths:3 | y - +0 storm dragon scales {rare}
 51781 | Depths:3 | Reached skill level 20 in Fighting
 51781 | Depths:3 | Noticed a caustic shrike
 51797 | Depths:3 | HP: 50/208 [acid (3)]
 51837 | Depths:3 | Noticed a caustic shrike
 51845 | Depths:3 | Killed a caustic shrike
 51855 | Depths:3 | Killed a caustic shrike
 51931 | Depths:3 | Reached skill level 10 in Armour
 51956 | Depths:3 | You add the spells Gell's Gravitas and Vhi's Electric
                  | Charge to your library.
 51956 | Depths:3 | Got Tatrig's Compilation of Topological Glaciation
 51980 | Depths:2 | Identified the +8 quarterstaff of Drought {heavy, rF+ rCorr
                  | Str-4}
 52115 | Depths:3 | Found a one-way gate to the infinite horrors of the Abyss.
 52116 | Depths:3 | Noticed Louise
 52126 | Depths:3 | Killed Louise
 52199 | Depths:3 | You pick up a book of Changes and begin reading...
 52257 | Depths:3 | Noticed a juggernaut
 52268 | Depths:3 | Killed a juggernaut
 52274 | Depths:3 | Reached skill level 11 in Armour
 52470 | Depths:3 | Found a one-way gateway to a ziggurat.
 52661 | Depths:3 | Identified the ring "Goinkehurr" {Fly Int+4}
 52666 | Depths:3 | Identified the +7 chain mail of Listuv {Harm}
 52675 | Depths:3 | You drop +0 gold dragon scales {rare}.
 52686 | Depths:3 | You finish putting on your +0 storm dragon scales {rare}.
 52691 | Depths:3 | You finish taking off your +0 storm dragon scales {rare}.
 52706 | Depths:3 | You finish putting on your +0 storm dragon scales {rare}.
 52774 | Depths:4 | Entered Level 4 of the Depths
 52920 | Depths:4 | Reached skill level 12 in Armour
 53011 | Depths:4 | Identified the +4 scale mail of Grace {Regen+ Stlth+}
 53181 | Depths:4 | Reached skill level 13 in Armour
 53218 | Depths:4 | Found a gate to the Realm of Zot.
 53559 | Depths:4 | Found a snail-covered altar of Cheibriados.
 53932 | Elf:1    | Killed Adylimun's ghost
 53962 | Elf:1    | your +0 storm dragon scales {rare} glow green for a moment.
 53963 | Elf:1    | your +1 storm dragon scales {rare} glow green for a moment.
 54192 | Snake:2  | Bought a scroll of enchant armour for 112 gold pieces
 54192 | Snake:2  | Bought a scroll of teleportation for 45 gold pieces
 54192 | Snake:2  | your +2 storm dragon scales {rare} glow green for a moment.
 54519 | Vaults:5 | Entered Level 5 of the Vaults
 54522 | Vaults:5 | Reached skill level 14 in Armour
 54538 | Vaults:5 | Gained mutation: A demonic guardian rushes to your aid.
                  | [demonic ancestry]
 54538 | Vaults:5 | Reached XP level 24. HP: 112/218 MP: 6/30
 54540 | Vaults:5 | magus.rc [v1.9.6]
 54617 | Vaults:5 | Aim: a vault warden, wielding a +2 dire flail, wearing a +0
                  | chain mail and wearing a ring of flight (about 19% to evade
                  | the +12 glaive of Prune)
 54617 | Vaults:5 | Aim: a vault warden, wielding a +2 dire flail, wearing a +0
                  | chain mail and wearing a ring of flight (about 19% to evade
                  | the +12 glaive of Prune)
 54647 | Vaults:5 | +0 shadow dragon scales {rare}; a shadow dragon corpse
 54662 | Vaults:5 | Reached skill level 12 in Translocations
 54669 | Vaults:5 | +0 shadow dragon scales {rare}; a shadow dragon corpse
 54680 | Vaults:5 | your +3 storm dragon scales {rare} glow green for a moment.
 54706 | Vaults:5 | Gained mutation: Your melee attacks may engulf your foes in
                  | ooze. [Jiyva's grace]
 54706 | Vaults:5 | Gained mutation: Your spells are a little harder to cast,
                  | but a little more powerful. [Jiyva's grace]
 54706 | Vaults:5 | Gained mutation: Your spells are harder to cast, but more
                  | powerful. [Jiyva's grace]
 54706 | Vaults:5 | Gained mutation: Your spells are much harder to cast, but
                  | much more powerful. [Jiyva's grace]
 54751 | Vaults:5 | Identified +0 gold dragon scales
 54771 | Vaults:5 | Reached skill level 17 in Dodging
 54806 | Vaults:5 | +0 gold dragon scales {rare}; a golden dragon corpse
 54874 | Vaults:5 | +0 shadow dragon scales {rare}; a shadow dragon skeleton
 54944 | Vaults:5 | Noticed an ancient lich
 54955 | Vaults:5 | Killed an ancient lich
 54997 | Vaults:5 | You pick up a book of Conjurations {@e2} and begin
                  | reading...
 55042 | Vaults:5 | Identified the ring "Zysil" {rN+++ Int+6 Dex-4}
 55079 | Vaults:5 | Reached skill level 18 in Dodging
 55136 | Vaults:5 | Reached skill level 7 in Shields
 55143 | Vaults:5 | Identified the +1 war axe of the Shimmering Gods {flame,
                  | SInv}
 55143 | Vaults:5 | Identified the ring of Rawneula {rElec rPois MP+9 Str+3}
 55192 | Vaults:5 | Identified the +7 morningstar of Yteako {venom, rCorr}
 55241 | Vaults:5 | Identified the +6 morningstar "Ceimm" {freeze, rF++ rN+++
                  | Str-5 Stlth+}
 55243 | Vaults:5 | You add the spells Apportation and Ensorcelled Hibernation
                  | to your library.
 55243 | Vaults:5 | Got Gimoud's Atlas of Congealing Geometries
 55317 | Vaults:5 | Reached skill level 8 in Shields
 55354 | Vaults:5 | You pick up a book of Hexes and begin reading...
 55354 | Vaults:5 | You add the spells Anguish and Cause Fear to your library.
 55417 | Vaults:5 | quicksilver dragon scales {rare}; a quicksilver dragon
                  | corpse
 55432 | Vaults:5 | Reached skill level 9 in Shields
 55442 | Vaults:5 | Identified +0 gold dragon scales
 55485 | Vaults:5 | Found Asy Memn's Weapon Emporium.
 55499 | Vaults:5 | Identified the +2 leather armour of Dafelify {rCorr Int+3}
 55518 | Vaults:5 | Identified the +0 ring mail of Follow the Leader {+Inv rN++
                  | Will+ Dex-4}
 55549 | Vaults:5 | Reached skill level 10 in Shields
 55558 | Vaults:5 | Identified the +1 pair of gloves of Prudence {rPois Will-
                  | Dex+4 Stlth+}
 55714 | Vaults:5 | Got a silver rune of Zot
 55918 | Vaults:5 | Identified the +1 dagger "Umneroaw" {protect, rElec rC+ rN+
                  | Int-5}
 56499 | Zot:1    | Entered Level 1 of the Realm of Zot
 56522 | Zot:1    | Identified the ring of Hard Scrabble {Ice Will+}
 57000 | Crypt:1  | Entered Level 1 of the Crypt
 57116 | Crypt:1  | Identified the +1 sling of Ceawnoots {heavy, Will- Str+5
                  | Int+3}
 57155 | Crypt:1  | Noticed a curse skull
 57173 | Crypt:1  | Killed a curse skull
 57183 | Crypt:1  | Reached skill level 11 in Shields
 57526 | Crypt:1  | Gained mutation: A powerful demonic guardian rushes to your
                  | aid. [demonic ancestry]
 57526 | Crypt:1  | Reached XP level 25. HP: 224/224 MP: 30/30
 57640 | Crypt:1  | Lost mutation: You have a pair of small horns on your head.
                  | [Jiyva's grace]
 57640 | Crypt:1  | Lost mutation: You are very agile. (Dex +8, Str/Int -2)
                  | [Jiyva's grace]
 57640 | Crypt:1  | Lost mutation: You are agile. (Dex +4, Str/Int -1) [Jiyva's
                  | grace]
 57640 | Crypt:1  | Lost mutation: You are somewhat resistant to both further
                  | mutation and mutation removal. [Jiyva's grace]
 57640 | Crypt:1  | Lost mutation: You regenerate. [Jiyva's grace]
 57640 | Crypt:1  | Lost mutation: You expend magic power (3 MP) to strengthen
                  | your wands. [Jiyva's grace]
 57640 | Crypt:1  | Lost mutation: You are somewhat resistant to further
                  | mutation. [Jiyva's grace]
 57640 | Crypt:1  | Gained mutation: You have hidden genetic potential.
                  | [Jiyva's grace]
 57640 | Crypt:1  | Gained mutation: You have great hidden genetic potential.
                  | [Jiyva's grace]
 57640 | Crypt:1  | Gained mutation: You have a pair of small horns on your
                  | head. [Jiyva's grace]
 57640 | Crypt:1  | Gained mutation: You have a pair of horns on your head.
                  | [Jiyva's grace]
 57655 | Crypt:1  | Reached skill level 12 in Shields
 57863 | Crypt:2  | Found the +2 pair of slick slippers {slick, slippery, EV+4}
 57960 | Crypt:2  | Identified the serpent talisman "Xipisim" {rC++ rN+++
                  | Dex-4}
 58181 | Crypt:2  | Noticed Mennas
 58196 | Crypt:2  | Aim: Mennas, wielding a +1 sacred scourge of holy wrath and
                  | wearing a +0 tower shield (severely wounded, not watching
                  | you, ally target, haloed, about 46% to evade the +12 glaive
                  | of Prune)
 58196 | Crypt:2  | Aim: Mennas, wielding a +1 sacred scourge of holy wrath and
                  | wearing a +0 tower shield (severely wounded, not watching
                  | you, ally target, haloed, about 46% to evade the +12 glaive
                  | of Prune)
 58197 | Crypt:2  | Aim: Mennas, wielding a +1 sacred scourge of holy wrath and
                  | wearing a +0 tower shield (almost dead, ally target, magic
                  | disrupted, haloed, about 46% to evade the +12 glaive of
                  | Prune)
 58197 | Crypt:2  | Aim: Mennas, wielding a +1 sacred scourge of holy wrath and
                  | wearing a +0 tower shield (almost dead, ally target, magic
                  | disrupted, haloed, about 46% to evade the +12 glaive of
                  | Prune)
 58198 | Crypt:2  | Aim: Mennas, wielding a +1 sacred scourge of holy wrath and
                  | wearing a +0 tower shield (almost dead, magic disrupted,
                  | haloed, about 46% to evade the +12 glaive of Prune)
 58198 | Crypt:2  | Aim: Mennas, wielding a +1 sacred scourge of holy wrath and
                  | wearing a +0 tower shield (almost dead, magic disrupted,
                  | haloed, about 46% to evade the +12 glaive of Prune)
 58198 | Crypt:2  | Killed Mennas
 58354 | Crypt:3  | Entered Level 3 of the Crypt
 58378 | Crypt:3  | Reached skill level 13 in Shields
 58400 | Crypt:3  | Identified the +1 war axe of Rotation {holy, rC+ Will-
                  | Str+2 Stlth+}
 58447 | Crypt:3  | Noticed an ancient lich
 58458 | Crypt:3  | Killed an ancient lich
 58474 | Crypt:3  | Identified the +0 robe "Coudokk" {rF+}
 58697 | Crypt:3  | Found a staircase to the Tomb.
 58736 | Crypt:3  | Noticed a curse skull
 58738 | Crypt:3  | Killed a curse skull
 58753 | Crypt:3  | Noticed a curse skull
 58775 | Crypt:3  | Killed a curse skull
 58823 | Crypt:3  | Reached skill level 14 in Shields
 58896 | Crypt:3  | magus.rc [v1.9.6]
 59298 | Crypt:3  | You add the spells Kiss of Death, Necrotise, Cigotuvi's
                  | Dreadful Rot, Vampiric Draining and Infestation to your
                  | library.
 59298 | Crypt:3  | Got the Essays on Necromantic Words
 59300 | Crypt:3  | You pick up a book of Dreams and begin reading...
 59305 | Crypt:3  | Identified the orb "Cemihax" {mayhem, rN++}
 59306 | Crypt:3  | Identified the ring of Sagai {rPois rF- rCorr SInv}
 59553 | D:14     | Bought a scroll of enchant weapon for 105 gold pieces
 59586 | D:14     | Bought a scroll of teleportation for 111 gold pieces
 59586 | D:14     | Bought a potion of heal wounds for 185 gold pieces
 59586 | D:14     | Bought a scroll of enchant weapon for 277 gold pieces
 59587 | D:14     | Bought a potion of brilliance for 148 gold pieces
 59801 | Snake:2  | Bought a scroll of enchant weapon for 112 gold pieces
 60504 | Zot:1    | Identified +0 gold dragon scales
 60506 | Zot:1    | +0 gold dragon scales {rare}; a golden dragon corpse
 60544 | Zot:1    | Lost mutation: Your flesh is heat resistant. (rF+) [Jiyva's
                  | grace]
 60544 | Zot:1    | Lost mutation: You heal very quickly. [Jiyva's grace]
 60544 | Zot:1    | Lost mutation: Your natural rate of healing is unusually
                  | fast. [Jiyva's grace]
 60544 | Zot:1    | Lost mutation: Your spells are much harder to cast, but
                  | much more powerful. [Jiyva's grace]
 60544 | Zot:1    | Lost mutation: You have great hidden genetic potential.
                  | [Jiyva's grace]
 60544 | Zot:1    | Lost mutation: You have hidden genetic potential. [Jiyva's
                  | grace]
 60544 | Zot:1    | Lost mutation: You have a small jelly attached to you that
                  | may absorb projectiles. [Jiyva's grace]
 60544 | Zot:1    | Lost mutation: Your melee attacks may engulf your foes in
                  | ooze. [Jiyva's grace]
 60544 | Zot:1    | Gained mutation: Your translucent skin slightly reduces
                  | your foes' accuracy. (Stealth+) [Jiyva's grace]
 60544 | Zot:1    | Gained mutation: Your translucent skin reduces your foes'
                  | accuracy. (Stealth+) [Jiyva's grace]
 60544 | Zot:1    | Gained mutation: Your transparent skin significantly
                  | reduces your foes' accuracy. (Stealth+) [Jiyva's grace]
 60544 | Zot:1    | Gained mutation: Your melee attacks may engulf your foes in
                  | ooze. [Jiyva's grace]
 60565 | Zot:1    | Reached skill level 15 in Shields
 60809 | Zot:1    | Found the +7 sceptre of Torment {pain, torment}
 60817 | Zot:1    | Identified the +1 leather armour of Inference {rPois Str-5
                  | Dex+5}
 60852 | Zot:1    | Identified the staff of Miri {*Slow rElec rN+ Str+2 Dex+3
                  | Necro}
 60872 | Zot:1    | Found the +5 moon troll leather armour {Spirit, Regen++
                  | MP+5}
 61291 | Zot:2    | Reached skill level 16 in Shields
 61409 | Zot:2    | Identified +0 gold dragon scales
 61733 | Zot:2    | Found a runed translucent gate.
 61740 | Zot:2    | Found a runed translucent gate.
 61741 | Zot:2    | Found a runed translucent gate.
 61743 | Zot:2    | Noticed a curse toe
 61865 | Zot:2    | Noticed Toelubet's ghost (veteran CeHu)
 62332 | Zot:2    | Noticed an electric golem
 62348 | Zot:2    | Killed an electric golem
 62561 | Zot:3    | Noticed an orb of fire
 62575 | Zot:3    | Gained mutation: You are weak. (Str -2) [an orb of fire]
 62576 | Zot:3    | Killed an orb of fire
 62577 | Zot:3    | Reached skill level 17 in Shields
 62631 | Zot:3    | quicksilver dragon scales {rare}; a quicksilver dragon
                  | corpse
 62747 | Zot:3    | Noticed an electric golem
 62750 | Zot:3    | Gained mutation: You are surrounded by an aura of silence.
                  | [demonic ancestry]
 62750 | Zot:3    | Reached XP level 26. HP: 172/233 MP: 10/30
 62767 | Zot:3    | Reached skill level 18 in Shields
 62875 | Zot:3    | Noticed a dread lich
 62882 | Zot:3    | Killed a dread lich
 62890 | Zot:3    | Killed an electric golem
 63048 | Zot:3    | Lost mutation: You have a pair of horns on your head.
                  | [Jiyva's grace]
 63048 | Zot:3    | Lost mutation: Armour fits poorly on your pseudopods.
                  | [Jiyva's grace]
 63048 | Zot:3    | Lost mutation: You have a small jelly attached to you that
                  | senses nearby items. [Jiyva's grace]
 63048 | Zot:3    | Lost mutation: Your melee attacks may engulf your foes in
                  | ooze. [Jiyva's grace]
 63048 | Zot:3    | Gained mutation: Your spells are much harder to cast, but
                  | much more powerful. [Jiyva's grace]
 63048 | Zot:3    | Gained mutation: You have a small jelly attached to you
                  | that senses nearby items. [Jiyva's grace]
 63048 | Zot:3    | Gained mutation: Your mind is acute. (Int +4, Str/Dex -1)
                  | [Jiyva's grace]
 63048 | Zot:3    | Gained mutation: Your mind is very acute. (Int +8, Str/Dex
                  | -2) [Jiyva's grace]
 63115 | Zot:3    | Identified +0 gold dragon scales
 63127 | Zot:3    | +0 gold dragon scales {rare}; a golden dragon corpse
 63130 | Zot:3    | +0 gold dragon scales {rare}; a golden dragon corpse
 63175 | Zot:3    | Got Pomoel's Information on the Graveyard
 63331 | Zot:3    | Found a runed translucent door.
 63333 | Zot:3    | Noticed Cyqimiab's ghost (legendary MfGl)
 63900 | Zot:4    | Reached skill level 19 in Shields
 63963 | Zot:4    | Noticed an electric golem
 63982 | Zot:4    | Killed an electric golem
 64327 | Zot:5    | Entered Level 5 of the Realm of Zot
 64328 | Zot:5    | Noticed an ancient lich
 64538 | Zot:5    | quicksilver dragon scales {rare}; a quicksilver dragon
                  | corpse
 64663 | Zot:5    | Noticed an orb of fire
 64665 | Zot:5    | Gained mutation: Your body sometimes deteriorates upon
                  | taking damage. [an orb of fire]
 64679 | Zot:5    | Gained mutation: You occasionally shout uncontrollably at
                  | your foes. [an orb of fire]
 64685 | Zot:5    | Killed an orb of fire
 64890 | Zot:5    | Noticed an orb of fire
 64912 | Zot:5    | Killed an orb of fire
 64913 | Zot:5    | Noticed an electric golem
 64920 | Zot:5    | Noticed an ancient lich
 64934 | Zot:5    | Killed an ancient lich
 64935 | Zot:5    | Reached skill level 5 in Transmutations
 64947 | Zot:5    | Killed an electric golem
 64998 | Zot:5    | Noticed an ancient lich
 65005 | Zot:5    | Lost mutation: You have a pair of small horns on your head.
                  | [Jiyva's grace]
 65005 | Zot:5    | Lost mutation: Your body sometimes deteriorates upon taking
                  | damage. [Jiyva's grace]
 65005 | Zot:5    | Lost mutation: You are strong-willed. (Will+) [Jiyva's
                  | grace]
 65005 | Zot:5    | Lost mutation: You occasionally shout uncontrollably at
                  | your foes. [Jiyva's grace]
 65005 | Zot:5    | Lost mutation: You are weak. (Str -2) [Jiyva's grace]
 65005 | Zot:5    | Lost mutation: Your spells are much harder to cast, but
                  | much more powerful. [Jiyva's grace]
 65005 | Zot:5    | Lost mutation: Your transparent skin significantly reduces
                  | your foes' accuracy. (Stealth+) [Jiyva's grace]
 65005 | Zot:5    | Lost mutation: You have a small jelly attached to you that
                  | senses nearby items. [Jiyva's grace]
 65005 | Zot:5    | Gained mutation: You are covered in slimy tendrils that may
                  | disarm your opponents. [Jiyva's grace]
 65005 | Zot:5    | Gained mutation: Your muscles are strong. (Str +4, Int/Dex
                  | -1) [Jiyva's grace]
 65005 | Zot:5    | Gained mutation: Your muscles are very strong. (Str +8,
                  | Int/Dex -2) [Jiyva's grace]
 65005 | Zot:5    | Gained mutation: You have a small jelly attached to you
                  | that senses nearby items. [Jiyva's grace]
 65014 | Zot:5    | Killed an ancient lich
 65040 | Zot:5    | Reached skill level 20 in Shields
 65098 | Zot:5    | Reached skill level 6 in Transmutations
 65140 | Zot:5    | Reached skill level 7 in Transmutations
 65201 | Zot:5    | Reached skill level 8 in Transmutations
 65203 | Zot:5    | Got the Orb of Zot
 65729 | D:10     | Gained mutation: You occasionally lose the ability to read
                  | scrolls when taking damage. [a cacodemon]
 65767 | D:8      | Lost mutation: You have a small jelly attached to you that
                  | senses nearby items. [potion of mutation]
 65767 | D:8      | Lost mutation: Your spells are harder to cast, but more
                  | powerful. [potion of mutation]
 65767 | D:8      | Lost mutation: Your translucent skin reduces your foes'
                  | accuracy. (Stealth+) [potion of mutation]
 65767 | D:8      | Lost mutation: Your mind is very acute. (Int +8, Str/Dex
                  | -2) [potion of mutation]
 65767 | D:8      | Gained mutation: You passively map a small area around you.
                  | [potion of mutation]
 65768 | D:8      | Lost mutation: Your mind is acute. (Int +4, Str/Dex -1)
                  | [potion of mutation]
 65768 | D:8      | Lost mutation: Your system is resistant to poisons. (rPois)
                  | [potion of mutation]
 65768 | D:8      | Lost mutation: You are covered in slimy tendrils that may
                  | disarm your opponents. [potion of mutation]
 65768 | D:8      | Gained mutation: Armour fits poorly on your strangely
                  | shaped body. [potion of mutation]
 65769 | D:8      | Lost mutation: Your translucent skin slightly reduces your
                  | foes' accuracy. (Stealth+) [potion of mutation]
 65769 | D:8      | Lost mutation: You passively map a small area around you.
                  | [potion of mutation]
 65769 | D:8      | Gained mutation: You do not regenerate when monsters are
                  | visible. [potion of mutation]
 65769 | D:8      | Gained mutation: You expend magic power (3 MP) to
                  | strengthen your wands. [potion of mutation]
 65769 | D:8      | Gained mutation: Your mind is acute. (Int +4, Str/Dex -1)
                  | [potion of mutation]
 65971 | D:$      | Escaped with the Orb!

Vanquished Creatures
  A dread lich (Zot:3)
  4 ancient liches
  3 orbs of fire
  Mennas (Crypt:2)
  A juggernaut (Depths:3)
  2 Killer Klowns (Zot:5)
  2 caustic shrikes (Depths:3)
  13 golden dragons
  Jory (Depths:2)
  3 electric golems
  A bone dragon (Crypt:3)
  A doom hound (Depths:2)
  A Brimstone Fiend (Depths:2)
  20 tentacled monstrosities
  6 titans
  11 liches
  11 quicksilver dragons
  6 deep elf blademasters (Elf:3)
  25 Orb Guardians
  6 ancient champions
  A walking frostbound tome (Depths:3)
  4 deep elf master archers (Elf:3)
  5 sphinxes
  Donald (Snake:1)
  9 death cobs
  A thorn hunter (Swamp:3)
  3 nagarajas (Snake:4)
  2 draconian monks
  4 revenants
  12 shadow dragons
  7 storm dragons
  5 tengu reavers
  2 draconian knights
  A daeva (Depths:3)
  2 fenstrider witches
  6 iron dragons
  10 fire giants
  26 vault wardens
  A spectral caustic shrike (Depths:2)
  A balrug (Depths:3)
  A draconian stormcaller (Zot:3)
  A ghost moth (Zot:3)
  Louise (Depths:3)
  2 curse skulls (Crypt:3)
  3 imperial myrmidons (Desolation)
  2 deep elf elementalists (Elf:3)
  2 draconian shifters
  12 frost giants
  A spectral juggernaut (Depths:2)
  5 deep elf sorcerers
  A caustic shrike skeleton (Depths:2)
  18 ironbound preservers
  4 draconian annihilators
  13 very ugly things
  2 spriggan defenders
  19 stone giants
  4 orc warlords
  A juggernaut skeleton (Crypt:3)
  2 black draconians
  5 war gargoyles
  4 deep elf demonologists
  3 eleionomae
  9 vampire knights
  4 green draconians
  6 ironbound thunderhulks
  7 bunyips
  2 red draconians
  A white draconian (Zot:3)
  A spectral titan (Depths:2)
  4 purple draconians
  7 deep elf annihilators
  The ghost of Adylimun the Cleaver, a journeyman HOFi of Okawaru (Elf:1)
  4 yellow draconians
  6 spark wasps
  3 eidola
  13 ettins
  11 dire elephants
  2 crystal guardians (Desolation)
  7 deep elf death magi
  A spectral golden dragon (Depths:2)
  8 jiangshi
  A merfolk javelineer (Depths:1)
  9 fire dragons
  A quicksilver dragon zombie (Crypt:3)
  A nameless horror (Zot:1)
  A shambling mangrove (Swamp:4)
  A merfolk impaler (Depths:4)
  An entropy weaver (Vaults:2)
  14 yaktaur captains
  6 ragged hierophants (Desolation)
  4 rakshasas
  5 deep elf high priests
  3 salamander tyrants (Snake:4)
  39 vault guards
  4 hell beasts (Depths:2)
  3 ice dragons
  10 servants of whispers (Desolation)
  2 juggernaut simulacra (Depths:2)
  14 hydras
  A ghost crab (Swamp:3)
  A catoblepas (Lair:5)
  4 ogre magi
  10 ironbound frosthearts
  2 spriggan air magi (Depths:2)
  4 alligators
  7 peacekeepers
  3 death knights
  7 caustic shrike simulacra
  2 spectral frost giants (Depths:2)
  8 two-headed ogres
  18 anacondas
  3 boulder beetles
  3 death yaks
  8 deep troll shamans
  A sphinx skeleton (Crypt:1)
  8 tengu warriors
  11 deep troll earth magi
  7 centaur warriors
  18 naga warriors
  14 vampire magi
  15 dancing weapons
  3 spriggan berserkers
  14 naga sharpshooters
  6 hell knights (Vaults:5)
  A demonic crawler (Zot:5)
  5 occultists
  12 shock serpents
  A soul eater (Zot:3)
  6 deep elf knights
  2 orc high priests
  7 spriggans
  Sonja (D:11)
  An emperor scorpion zombie (Crypt:1)
  7 iron trolls
  4 shadow wraiths
  A sea snake (Snake:3)
  25 skeletal warriors
  6 goliath frogs
  2 spriggan druids
  16 swamp dragons
  40 deep trolls
  6 flayed ghosts
  5 salamander mystics
  A shadow demon (D:4)
  6 bog bodies
  9 naga ritualists
  2 orange crystal statues (IceCv)
  9 deep elf archers
  19 deep elf zephyrmancers
  11 phantasmal warriors
  Pikel (D:7)
  21 ironbound convokers
  17 deep elf pyromancers
  4 arcanists
  15 lindwurms
  4 necromancers
  8 orc sorcerers
  A shadow dragon skeleton (Crypt:1)
  A sphinx simulacrum (Depths:2)
  19 mana vipers
  16 orc knights
  3 cyclopes
  3 manticores
  32 ugly things
  2 fire giant zombies
  An oklob plant (Lair:3)
  A spectral spriggan (Depths:2)
  18 salamanders
  32 moths of wrath
  6 will-o-the-wisps
  Maurice (D:9)
  8 elephants (Lair:5)
  14 guardian serpents
  A stone giant skeleton (Crypt:2)
  59 black mambas
  A kobold blastminer (Orc:2)
  12 naga magi
  An ice statue (Snake:4)
  A torpor snail (Lair:5)
  17 vault sentinels
  A rust devil (D:7)
  2 fire giant skeletons (Depths:2)
  5 molten gargoyles (Desolation)
  2 smoke demons (Depths:3)
  2 gargoyles (D:13)
  19 cane toads
  A yaktaur zombie (Vaults:1)
  A centaur skeleton (D:15)
  14 komodo dragons
  Jeremiah (Lair:1)
  6 rime drakes
  A slime creature (Vaults:2)
  A black draconian zombie (Crypt:2)
  6 tengu conjurers
  An efreet (D:14)
  A steelbarb worm zombie (Crypt:2)
  3 unseen horrors
  37 yaktaurs
  Psyche (D:12)
  An orb spider zombie (Crypt:2)
  A death yak zombie (Crypt:1)
  A dire elephant skeleton (Crypt:2)
  An anaconda simulacrum (IceCv)
  A mana viper zombie (Crypt:1)
  9 freezing wraiths
  A sea snake skeleton (Crypt:3)
  A glass eye (Depths:3)
  8 trolls
  2 golden dragon simulacra (IceCv)
  A harpy zombie (Crypt:3)
  A tengu simulacrum (Depths:2)
  12 polar bears
  9 hornets
  A death drake zombie (Crypt:2)
  55 saltlings (Desolation)
  6 tyrant leeches
  Grinder (D:5)
  An alligator simulacrum (IceCv)
  3 raiju (Lair:5)
  Prince Ribbit (Bailey)
  7 dream sheep (Lair:3)
  A hydra skeleton (Crypt:3)
  16 blink frogs
  A death drake skeleton (Crypt:1)
  Sigmund (D:6)
  2 black mamba zombies
  9 flying skulls
  2 centaur simulacra
  5 wraiths
  An air elemental (Elf:2)
  3 vampires
  2 ettin skeletons
  4 wyverns
  11 water elementals
  34 yaks
  3 dire elephant simulacra
  21 fire elementals
  4 humans
  A yak (shapeshifter) (D:15)
  3 basilisks
  A neqoxec (Zot:3)
  A glowing shapeshifter zombie (Depths:2)
  A steam dragon (Lair:5)
  7 vampire mosquitoes
  A wind drake skeleton (Crypt:1)
  3 chaos spawn
  A black mamba skeleton (Crypt:1)
  8 swamp worms
  36 nagas
  6 wargs
  5 acid dragons
  3 hydra simulacra (IceCv)
  21 water moccasins
  A deep troll skeleton (Crypt:3)
  16 hell hounds
  5 swamp drakes
  41 orc warriors
  A human skeleton (Depths:2)
  5 ice beasts
  14 black bears
  4 sky beasts
  A fire dragon simulacrum (Crypt:1)
  9 boggarts
  10 ogres
  43 wolves
  8 centaurs
  A phantom (D:7)
  7 kobold brigands
  A human zombie (Vaults:1)
  2 komodo dragon zombies
  20 bullfrogs
  A human simulacrum (Depths:2)
  A scorpion (D:6)
  A gnoll sergeant (D:8)
  3 earth elementals
  4 wights (D:9)
  A spriggan zombie (Crypt:3)
  A cyclops skeleton (Crypt:2)
  26 killer bees
  4 electric eels
  A troll skeleton (Crypt:3)
  14 jellies
  3 hounds
  14 orc priests
  4 sleepcaps
  9 iguanas
  Terence (D:2)
  30 orc wizards
  11 hell rats
  A boggart skeleton (D:15)
  12 gnolls
  17 adders
  3 river rats
  3 worms (D:2)
  A dart slug (D:3)
  83 orcs
  6 endoplasms
  13 goblins
  10 hobgoblins
  3 jackals (Sewer)
  6 quokkas
  7 ball pythons
  A bat (D:2)
  6 frilled lizards
  25 kobolds
  8 rats
  A rat skeleton (Crypt:3)
  A butterfly (Lair:2)
2219 creatures vanquished.

Vanquished Creatures (collateral kills)
  A golden dragon (Depths:4)
  An electric golem (Zot:3)
  2 tentacled monstrosities
  A lich (Zot:3)
  A shard shrike skeleton (Crypt:3)
  A quicksilver dragon (Zot:3)
  A storm dragon (Zot:5)
  A shadow dragon (Vaults:5)
  A tengu reaver (Vaults:5)
  3 fire giants
  A draconian stormcaller (Zot:2)
  A curse skull (Crypt:1)
  An orc warlord (Vaults:4)
  An ironbound thunderhulk (Vaults:2)
  A black draconian (Zot:1)
  3 red draconians
  A crystal guardian (Zot:3)
  A jiangshi (Crypt:2)
  2 vault guards (Vaults:5)
  A death yak (Lair:3)
  A sixfirhy (D:10)
  2 skeletal warriors (Crypt:1)
  A deep elf archer (Elf:2)
  An ironbound convoker (Vaults:5)
  A necromancer (Crypt:3)
  An ugly thing (D:15)
  An orc knight (Orc:1)
  A deep elf zephyrmancer (Elf:1)
  A frost giant zombie (Vaults:1)
  A deep elf pyromancer (Elf:1)
  2 moths of wrath (Zot:3)
  2 centaur zombies (Crypt:3)
  A yaktaur (Vaults:5)
  A tormentor (D:10)
  A tengu conjurer (D:13)
  A polar bear (Lair:5)
  5 saltlings (Desolation)
  A raiju (Lair:5)
  A wraith (D:10)
  A basilisk (Lair:5)
  A naga (Snake:4)
  A water moccasin (Lair:2)
  An orc priest (D:10)
  An orc wizard (D:7)
  4 orcs
61 creatures vanquished.

Vanquished Creatures (others)
  A fire giant (Depths:3)
  A ghoul (D:1)
  2 formless jellyfish
  An ironbound preserver (Vaults:2)
  A deep elf high priest (Vaults:4)
  4 great orbs of eyes
  2 glowing orange brains
  An anaconda (Snake:1)
  2 deep trolls
  A death drake (shapeshifter) (Vaults:3)
  A deep elf archer (Elf:1)
  4 ironbound convokers
  An arcanist (Elf:1)
  A phantasmal warrior (Vaults:4)
  An orc sorcerer (Orc:2)
  A cyclops (D:13)
  A vault sentinel (Vaults:2)
  A black mamba (Snake:1)
  A yaktaur (Vaults:5)
  An elf (D:1)
  A vine stalker (D:1)
  9 slime creatures
  2 merfolk (D:1)
  An alligator simulacrum (IceCv)
  A harpy skeleton (D:15)
  2 formicids (D:1)
  A culicivora (shapeshifter) (Zot:3)
  A wraith (D:13)
  A centaur simulacrum (D:13)
  A harpy simulacrum (IceCv)
  3 nagas (D:1)
  An acid dragon (D:13)
  A dwarf (D:1)
  2 orc warriors (Orc:1)
  A black bear (D:7)
  8 boggarts
  A centaur (D:12)
  2 scorpions (shapeshifter)
  2 howler monkeys (shapeshifter)
  278 jellies
  3 orc priests (Orc:1)
  An iguana (shapeshifter) (Vaults:5)
  A worm (shapeshifter) (D:14)
  2 orcs
  A kobold (D:1)
  A rat (shapeshifter) (D:13)
  23 foxfires
  2 snaplasher vines (Crypt:1)
  12 tentacles (D:1)
394 creatures vanquished.

Grand Total: 2674 creatures vanquished

Table legend:
 A = Non-vault XP
 B = Vault XP
 C = Vault XP percentage of total XP
 D = Non-vault monster count
 E = Vault monster count
 F = Vault count percentage of total count
                 A         B        C        D         E       F
            +---------+---------+-------+---------+---------+-------
      Total |  650766 |  683394 |  51.2 |    1244 |     997 |  44.5
            +---------+---------+-------+---------+---------+-------
        D:1 |      11 |       0 |   0.0 |       6 |       0 |   0.0
        D:2 |     120 |      36 |  23.1 |      23 |       1 |   4.2
        D:3 |     173 |       0 |   0.0 |      24 |       0 |   0.0
        D:4 |     253 |     101 |  28.5 |      20 |       9 |  31.0
        D:5 |     508 |     497 |  49.5 |      24 |      13 |  35.1
        D:6 |     814 |     269 |  24.8 |      12 |       7 |  36.8
        D:7 |    1835 |    4876 |  72.7 |      21 |      20 |  48.8
        D:8 |    1078 |     141 |  11.6 |      28 |       5 |  15.2
        D:9 |    2539 |     797 |  23.9 |      20 |       2 |   9.1
       D:10 |    3162 |    1408 |  30.8 |      29 |       6 |  17.1
       D:11 |    3437 |    1980 |  36.6 |       8 |      38 |  82.6
       D:12 |    5216 |     353 |   6.3 |      17 |       1 |   5.6
       D:13 |    5095 |    9676 |  65.5 |      10 |      17 |  63.0
       D:14 |    9427 |       0 |   0.0 |      23 |       0 |   0.0
       D:15 |    7147 |   10578 |  59.7 |      21 |      18 |  46.2
     Lair:1 |    3507 |     388 |  10.0 |      17 |       1 |   5.6
     Lair:2 |    5540 |    1953 |  26.1 |      21 |       9 |  30.0
     Lair:3 |   11278 |    2372 |  17.4 |      41 |       7 |  14.6
     Lair:4 |    8032 |    2401 |  23.0 |      32 |      14 |  30.4
     Lair:5 |   13352 |   15806 |  54.2 |      36 |      80 |  69.0
    Swamp:1 |    9733 |       0 |   0.0 |      15 |       0 |   0.0
    Swamp:2 |    8776 |       0 |   0.0 |      15 |       0 |   0.0
    Swamp:3 |    7583 |       0 |   0.0 |      13 |       0 |   0.0
    Swamp:4 |   15883 |   19812 |  55.5 |      29 |      28 |  49.1
    Snake:1 |   29401 |    1452 |   4.7 |      62 |       1 |   1.6
    Snake:2 |   18301 |       0 |   0.0 |      35 |       0 |   0.0
    Snake:3 |   18666 |    8336 |  30.9 |      32 |      17 |  34.7
    Snake:4 |   15944 |   34018 |  68.1 |      30 |      52 |  63.4
      Orc:1 |    3134 |    6545 |  67.6 |      26 |      29 |  52.7
      Orc:2 |    1484 |    6648 |  81.8 |      12 |      19 |  61.3
      Elf:1 |    8635 |   11147 |  56.3 |      13 |      18 |  58.1
      Elf:2 |   11035 |    1278 |  10.4 |      21 |       2 |   8.7
      Elf:3 |   13794 |   39104 |  73.9 |      27 |      34 |  55.7
   Vaults:1 |   13915 |   23392 |  62.7 |      22 |      25 |  53.2
   Vaults:2 |   20413 |   25695 |  55.7 |      27 |      33 |  55.0
   Vaults:3 |   25498 |   16641 |  39.5 |      36 |      23 |  39.0
   Vaults:4 |   18338 |    7703 |  29.6 |      26 |       8 |  23.5
   Vaults:5 |   20193 |  130411 |  86.6 |      37 |     111 |  75.0
    Crypt:1 |   31778 |       0 |   0.0 |      50 |       0 |   0.0
    Crypt:2 |   15139 |    6080 |  28.7 |      22 |       3 |  12.0
    Crypt:3 |   27452 |   16754 |  37.9 |      35 |      13 |  27.1
   Depths:1 |   25105 |   21848 |  46.5 |      30 |      22 |  42.3
   Depths:2 |   25792 |   36084 |  58.3 |      34 |      46 |  57.5
   Depths:3 |   22989 |   22866 |  49.9 |      25 |      15 |  37.5
   Depths:4 |   36313 |   17925 |  33.0 |      45 |      14 |  23.7
      Zot:1 |   28893 |   11930 |  29.2 |      25 |      11 |  30.6
      Zot:2 |   34542 |       0 |   0.0 |      27 |       0 |   0.0
      Zot:3 |   24312 |   40384 |  62.4 |      15 |      31 |  67.4
      Zot:4 |   11785 |    2248 |  16.0 |      10 |       2 |  16.7
      Zot:5 |   23416 |   59606 |  71.8 |      15 |      28 |  65.1
      Sewer |       0 |     492 | 100.0 |       0 |      23 | 100.0
     Bailey |       0 |    3127 | 100.0 |       0 |      19 | 100.0
      IceCv |       0 |   11804 | 100.0 |       0 |      24 | 100.0
 Desolation |       0 |   46432 | 100.0 |       0 |      98 | 100.0
            +---------+---------+-------+---------+---------+-------

Skill      XL: |  1  2  3  4  5  6  7  8  9 10 11 12 13 14 15 16 17 18 19 20 21 22 23 24 25 26 |
---------------+-------------------------------------------------------------------------------+-----
Stealth        | 1 2 5 |  5.2
Staves         | 1 2 3 5 6 8 10 11 12 13 | 13.0
Fighting       | 5 7 9 11 12 13 14 16 17 19 20 | 20.0
Evocations     | 1 4 |  4.0
Armour         | 1 4 5 6 8 9 14 | 14.0
Dodging        | 1 4 5 8 9 12 13 15 16 18 | 18.3
Polearms       | 7 10 11 13 16 18 | 18.5
Shields        | 5 6 11 17 20 | 20.1
Summonings     | 2 6 7 11 12 | 12.8
Spellcasting   | 2 3 4 5 |  5.0
Transmutations | 4 8 |  8.0
Translocations | 3 9 11 12 | 12.0
Maces & Flails | |  2.6
Fire Magic     | |  2.6

Action                     |  1- 3 |  4- 6 |  7- 9 | 10-12 | 13-15 | 16-18 | 19-21 | 22-24 | 25-27 || total
---------------------------+-------+-------+-------+-------+-------+-------+-------+-------+-------++-------
  Melee: Mace              |    14 |       |       |       |       |       |       |       |       ||    14
         Quarterstaff      |    31 |    65 |   203 |   567 |    11 |       |       |       |       ||   877
         Kick              |     6 |     8 |    20 |   151 |   718 |   260 |   266 |   483 |   450 ||  2362
         Trident           |       |       |       |       |  2075 |   409 |       |       |       ||  2484
         Pseudopods        |       |       |       |       |    10 |   173 |   112 |   286 |   183 ||   764
         Bite              |       |       |       |       |     8 |    78 |    39 |       |       ||   125
         Headbutt          |       |       |       |       |       |   134 |   107 |   327 |   230 ||   798
         Glaive            |       |       |       |       |       |   584 |   800 |  1614 |   339 ||  3337
         Demon trident     |       |       |       |       |       |       |       |       |   707 ||   707
  Throw: Boomerang         |     2 |       |       |     5 |       |       |       |       |       ||     7
         Dart              |       |       |       |    23 |    12 |       |       |       |       ||    35
   Cast: Scorch            |     5 |    38 |    58 |    23 |       |       |       |       |       ||   124
         Wereblood         |       |       |       |       |     3 |    22 |    19 |    14 |     7 ||    65
         Call Canine Famil |       |       |       |       |     2 |     6 |       |       |       ||     8
         Summon Guardian G |       |       |       |       |     2 |     5 |       |       |       ||     7
         Summon Forest     |       |       |       |       |       |       |     1 |     2 |     1 ||     4
         Manifold Assault  |       |       |       |       |       |       |     7 |   284 |    45 ||   336
 Invoke: Foxfire Swarm     |       |       |     2 |       |       |       |       |       |       ||     2
         Fiery Armour      |       |       |     1 |     1 |     2 |       |       |       |       ||     4
         Oozemancy         |       |       |       |       |       |       |     3 |     2 |     3 ||     8
  Evoke: Wand              |       |       |     5 |    36 |     6 |     8 |     4 |       |     2 ||    61
         Lightning rod     |       |       |       |       |     9 |     8 |       |       |       ||    17
         Phial of floods   |       |       |       |       |       |     1 |       |       |     1 ||     2
         Condenser vane    |       |       |       |       |       |       |       |     1 |       ||     1
         Box of beasts     |       |       |       |       |       |       |       |       |     1 ||     1
         Phantom mirror    |       |       |       |       |       |       |       |       |     1 ||     1
    Use: Scroll            |       |     5 |     8 |    11 |     9 |     5 |     4 |    14 |    11 ||    67
         Potion            |       |       |     2 |     2 |     5 |     8 |     3 |     4 |    10 ||    34
   Stab: Sleeping          |     1 |     2 |     1 |       |    10 |    13 |     9 |     3 |     5 ||    44
         Petrified         |       |       |       |       |     7 |       |       |       |       ||     7
         Distracted        |       |       |       |       |     4 |     7 |     3 |     8 |     7 ||    29
         Invisible         |       |       |       |       |     9 |       |       |       |       ||     9
 Armour: Robe              |    25 |       |       |       |       |       |       |       |       ||    25
         Leather armour    |       |    36 |   175 |    13 |   620 |   254 |       |   168 |       ||  1266
         Scale mail        |       |       |       |   374 |     9 |       |       |       |       ||   383
         Swamp dragon scal |       |       |       |       |       |   124 |   226 |    43 |       ||   393
         Storm dragon scal |       |       |       |       |       |       |       |   283 |   391 ||   674
  Dodge: Dodged            |    20 |    29 |   135 |   460 |  1058 |   541 |   435 |   653 |   262 ||  3593
  Block: Buckler           |       |       |       |       |   490 |   102 |       |       |       ||   592
         Tower shield      |       |       |       |       |       |       |       |       |   427 ||   427

Illustrated notes

Table legend:
 A = Kills in this place as a percentage of kills in the entire game.
 B = Kills by you in this place as a percentage of kills by you in the entire game.
 C = Kills by friends in this place as a percentage of kills by friends in the entire game.
 D = Other kills in this place as a percentage of other kills in the entire game.
 E = Experience gained in this place as a percentage of experience gained in the entire game.
 F = Experience gained in this place divided by the number of levels of this place that you have seen.
                   A       B       C       D       E      F
               +-------+-------+-------+-------+-------+----------------------
         Total | 100.0 | 100.0 | 100.0 | 100.0 | 100.0 | 22478.9
       Dungeon |  19.2 |  19.3 |  16.4 |  20.0 |   5.8 | 5202.5
          Lair |  11.4 |  11.6 |   8.2 |   0.0 |   4.8 | 12925.8
         Swamp |   4.4 |   4.6 |   0.0 |   0.0 |   4.6 | 15446.8
     Snake Pit |  10.1 |  10.3 |   1.6 |  20.0 |   9.4 | 31529.5
  Orcish Mines |   3.8 |   3.7 |   3.3 |  20.0 |   1.3 | 8905.5
   Elven Halls |   5.1 |   5.1 |   4.9 |   0.0 |   6.3 | 28331.0
        Vaults |  15.4 |  15.3 |  18.0 |  10.0 |  22.4 | 60439.8
         Crypt |   5.4 |   5.3 |  13.1 |   0.0 |   7.2 | 32401.0
        Depths |  10.4 |  10.6 |   1.6 |  10.0 |  15.8 | 53343.0
           Zot |   7.5 |   7.0 |  24.6 |   0.0 |  17.8 | 48145.4
         Sewer |   1.0 |   1.1 |   0.0 |   0.0 |   0.0 | 492.0
        Bailey |   0.8 |   0.9 |   0.0 |   0.0 |   0.2 | 3127.0
      Ice Cave |   1.1 |   1.0 |   0.0 |  20.0 |   0.9 | 11804.0
    Desolation |   4.3 |   4.2 |   8.2 |   0.0 |   3.4 | 46432.0
               +-------+-------+-------+-------+-------+----------------------

Table legend: (Time is in decaauts)
 A = Elapsed time spent in this place.
 B = Non-inter-level travel time spent in this place.
 C = Inter-level travel time spent in this place.
 D = Time resting spent in this place.
 E = Time spent auto-exploring this place.
 F = Levels seen in this place.
 G = Mean time per level.
                   A        B        C        D        E       F      G
               +--------+--------+--------+--------+--------+-----+--------+
         Total |  64575 |  56154 |   8421 |   5807 |  36329 |  60 | 1076.2 |
       Dungeon |  20668 |  17528 |   3140 |   2149 |  12035 |  15 | 1377.9 |
          Lair |   8657 |   7329 |   1328 |   1494 |   4023 |   5 | 1731.4 |
         Swamp |   2140 |   1927 |    213 |    118 |   1305 |   4 |  535.0 |
     Snake Pit |   5973 |   4978 |    995 |    489 |   3209 |   4 | 1493.2 |
    Slime Pits |    638 |    574 |     64 |      0 |    460 |   5 |  127.6 |
  Orcish Mines |   2303 |   1893 |    410 |    396 |    816 |   2 | 1151.5 |
   Elven Halls |   2645 |   2344 |    301 |     63 |   1657 |   3 |  881.7 |
        Vaults |   6215 |   5413 |    802 |    288 |   3563 |   5 | 1243.0 |
         Crypt |   2267 |   2173 |     94 |    106 |   1476 |   3 |  755.7 |
        Depths |   5374 |   4540 |    834 |    267 |   3129 |   4 | 1343.5 |
           Zot |   5079 |   4843 |    236 |    155 |   3557 |   5 | 1015.8 |
         Abyss |     47 |     47 |      0 |      0 |      0 |   1 |   47.0 |
         Sewer |   1094 |   1094 |      0 |    100 |    826 |   1 | 1094.0 |
        Bailey |    306 |    306 |      0 |     85 |     19 |   1 |  306.0 |
      Ice Cave |    240 |    240 |      0 |     47 |      0 |   1 |  240.0 |
    Desolation |    922 |    922 |      0 |     48 |    251 |   1 |  922.0 |
               +--------+--------+--------+--------+--------+-----+--------+

Top non-repeatable levels by time:
  Lair:5: 2745 daAuts
 Snake:1: 2077 daAuts
     D:7: 1907 daAuts
     D:2: 1787 daAuts
    D:11: 1762 daAuts
Depths:2: 1737 daAuts
  Lair:2: 1609 daAuts
    D:13: 1601 daAuts
    D:10: 1596 daAuts
     D:5: 1571 daAuts
  Lair:1: 1550 daAuts
Vaults:5: 1523 daAuts
 Snake:4: 1510 daAuts
Depths:1: 1488 daAuts
     D:3: 1475 daAuts
